 Dungeon Crawl Stone Soup version 0.16.1-18-g436b03c (webtiles) character file.

664760 drasked the Axe Maniac (level 27, -6/197 HPs)
             Began as a Gargoyle Berserker on May 14, 2015.
             Was the Champion of the Shining One.
             Mangled by a stone giant (41 damage)
             ... created by the rage of Trog
             ... on level 3 of the Crypt.
             The game lasted 02:40:08 (75161 turns).

drasked the Axe Maniac (Gargoyle Berserker)        Turns: 75161, Time: 02:40:08

Health: -6/197     AC: 62    Str: 25 (31) XL:     27
Magic:  23/23      EV:  9    Int: 17      God:    the Shining One [******]
Gold:   7381       SH:  0    Dex:  9      Spells: 0 memorised, 26 levels left

rFire  + + .     SeeInvis .     s - +9 executioner's axe (holy)
rCold  + + .     Clarity  .     c - +4 plate armour {rF+}
rNeg   + + +     SustAb   .     (no shield)
rPois  ∞         Gourm    .     b - +2 helmet {Int+3}
rElec  +         Spirit   .     I - +2 cloak {MR+}
rCorr  .         Warding  .     D - +1 pair of gloves of Fortification {rC++ Int-3}
rMut   .         Stasis   .     P - +2 pair of boots of the Assassin {Stlth++}
MR     ++++.                    g - amulet of regeneration {+regen, !d}
Stlth  ..........               Y - ring of protection from magic {MR+, !d}
                                j - ring "Lunank" {rF+ rN+ Int+6}

@: flying, glowing, incredibly resistant to hostile enchantments, extremely
unstealthy
A: able to fly continuously, big wings, negative energy resistance 1,
electricity resistance, unbreathing, petrification resistance, rot immunity, AC
+20
a: Stop Flying, Divine Shield, Cleansing Flame, Summon Divine Warrior, Renounce
Religion
}: 5/15 runes: decaying, slimy, silver, abyssal, gossamer


You were on level 3 of the Crypt.
You worshipped the Shining One.
The Shining One was exalted by your worship.
You were very hungry.

You visited 11 branches of the dungeon, and saw 62 of its levels.
You visited the Abyss 3 times.

You collected 8728 gold pieces.
You spent 1347 gold pieces at shops.

Inventory:

Hand weapons
 s - a +9 executioner's axe of holy wrath (weapon)
   (Trog gifted it to you on level 10 of the Dungeon)
Armour
 b - a +2 helmet of intelligence (worn)
   (You bought it in a shop on level 4 of the Orcish Mines)
 c - a +4 plate armour of fire resistance (worn)
   (You took it off a minotaur on level 1 of the Depths)
 D - the +1 pair of gloves of Fortification (worn) {rC++ Int-3}
   (You found it on level 5 of the Vaults)

   It affects your intelligence (-3).
   It greatly protects you from cold.
 I - a +2 cloak of magic resistance (worn)
   (You took it off a draconian annihilator on level 3 of the Realm of Zot)
 N - the +5 chain mail of the Invisible Hand {+Blink rPois rF- rCorr MP-9, unknown}
   (You found it on level 3 of the Crypt)

   It makes you vulnerable to fire.
   It protects you from poison.
   It affects your magic capacity (-9).
   It lets you blink.
   It protects you from acid and corrosion.
 P - the +2 pair of boots of the Assassin (worn) {Stlth++}
   (You found it on level 6 of the Pits of Slime)

   It makes you much more stealthy.
Jewellery
 g - an amulet of regeneration (around neck) {+regen, !d}
   (You found it on level 2 of the Lair of Beasts)
 j - the ring "Lunank" (left hand) {rF+ rN+ Int+6}
   (You bought it in a shop on level 5 of the Depths)

   [ring of protection from fire]

   It affects your intelligence (+6).
   It protects you from fire.
   It protects you from negative energy.
 m - an uncursed amulet of resist corrosion {rCorr, !d}
   (You bought it in a shop on level 12 of the Dungeon)
 x - an uncursed ring of see invisible {sInv, !d}
   (You found it on level 6 of the Lair of Beasts)
 z - an uncursed ring of positive energy {rN+}
   (You found it on level 13 of the Dungeon)
 B - the amulet of Immorality {Clar -Tele MP+9 Str+2 Stlth+}
   (You found it on level 1 of the Crypt)

   [amulet of clarity]

   It provides mental clarity.
   It affects your strength (+2).
   It affects your magic capacity (+9).
   It prevents most forms of teleportation.
   It makes you more stealthy.
 F - an uncursed amulet of clarity {Clar, !d}
   (You found it on level 3 of the Abyss)
 L - an uncursed amulet of resist mutation {rMut, !d}
   (You found it on level 4 of the Depths)
 T - the cursed ring "Piny" {rN+ Slay+2 Stlth-}
   (You found it on level 6 of the Pits of Slime)

   [ring of loudness]

   It affects your accuracy and damage with ranged weapons and melee attacks
   (+2).
   It protects you from negative energy.
   It makes you less stealthy.
   It has a curse placed upon it.
 U - a +4 ring of dexterity
   (You found it on level 6 of the Pits of Slime)
 Y - a ring of protection from magic (right hand) {MR+, !d}
   (You found it on level 4 of the Dungeon)
Magical devices
 t - a wand of heal wounds (6)
   (You found it on level 1 of the Realm of Zot)
 y - a wand of heal wounds (5)
   (You found it on level 5 of the Lair of Beasts)
 K - a wand of digging (13)
   (You found it on level 1 of the Swamp)
Scrolls
 h - 9 scrolls of teleportation
 i - 5 scrolls of recharging
 l - 18 scrolls of identify
 n - a scroll of holy word {!r}
 o - 22 scrolls of remove curse
 p - a scroll of enchant armour
 r - 2 scrolls of magic mapping {!r}
 u - 4 scrolls of enchant weapon
 C - a scroll of amnesia
 R - 2 scrolls of fog
Potions
 a - 14 potions of curing
 d - 5 potions of resistance
 f - 5 potions of restore abilities
 k - 5 potions of haste
 q - 3 potions of heal wounds
 v - 9 potions of might
 G - a potion of cancellation {unknown}
 H - 2 potions of agility
Books
 A - a book of Transfigurations
   (You found it on level 1 of the Crypt)
Comestibles
 e - 6 bread rations {@e1}
 w - 12 royal jellies
 E - 7 meat rations {@e2}


   Skills:
 + Level 26.7 Fighting
 O Level 27 Axes
 + Level 26.6 Armour
 - Level 1.5 Dodging


You had 26 spell levels left.
You didn't know any spells.

Dungeon Overview and Level Annotations

Branches:
Dungeon (15/15)            Temple (1/1) D:4            Lair (8/8) D:10
  Swamp (5/5) Lair:6       Spider (5/5) Lair:3        Slime (6/6) Lair:7
    Orc (4/4) D:11            Elf (0/3) Orc:3        Vaults (5/5) D:14
  Crypt (3/3) Vaults:2       Tomb (0/3) Crypt:3      Depths (5/5) D:15
    Zot (5/5) Depths:5

Altars:
Ashenzari
Cheibriados
Dithmenos
Elyvilon
Fedhas
Gozag
Kikubaaqudgha
Makhleb
Nemelex Xobeh
Okawaru
Qazlal
Trog
Vehumet
Xom
Yredelemnul
Zin
The Shining One
Beogh

Shops:
D:8 [   D:12 =   Orc:3 *   Orc:4 :[*(   Vaults:2 (   Vaults:3 *   Vaults:4 %
Vaults:5 ?   Depths:5 =

Portals:
Hell: Depths:1 Depths:2 Depths:3 Depths:4 Depths:5
Abyss: Depths:2 Depths:4
Pandemonium: Depths:2 Depths:3 Depths:5
Ziggurat: Depths:1
Trove: D:14 (give +6 demon whip)

Annotations:
Depths:2 the Enchantress


Innate Abilities, Weirdness & Mutations

You are resistant to torment.
You are immune to poison.
You can fly continuously.
Your stone body is very resilient (AC +20).
Your wings are large and strong.
You resist negative energy.
You are resistant to electric shocks.
You can survive without breathing.
You are immune to petrification.
You are immune to rotting.


Message History

The hill giant hits you with a giant spiked club.
The stone giant hits you but does no damage.
The polar bear bites you but does no damage.
The polar bear claws you but does no damage. x2
The stone giant rages.
You take 1 damage, and have 194/197 hp.
You slice the polar bear!!
You kill the polar bear!
That felt strangely unrewarding.
You slice the two-headed ogre!!
You kill the two-headed ogre!
That felt strangely unrewarding.
You cut the hill giant into ribbons!!! You hit the stone giant.
The hill giant barely misses you.
The stone giant hits you but does no damage.
You chop the hill giant into pieces!!!
You kill the hill giant!
That felt strangely unrewarding.
You slice the stone giant!! You slice the stone giant!!
You slash the polar bear! The stone giant hits you!!
The polar bear bites you but does no damage.
The polar bear barely misses you. x2
The black bear rages.
The stone giant hits you but does no damage.
You slash the stone giant!
You open the stone giant like a pillowcase!!!
You hit the polar bear but do no damage.
You slash the black bear! The stone giant closely misses you.
The polar bear bites you!
The polar bear claws you but does no damage. x2
The black bear bites you but does no damage.
The black bear claws you but does no damage. x2
The stone giant rages.
The stone giant closely misses you.
You take 34 damage, and have 161/197 hp.
You completely miss the stone giant. You barely miss the black bear.
You slice the polar bear!!
You hit the stone giant but do no damage.
The stone giant hits you!!
The black bear bites you but does no damage.
The black bear claws you but does no damage.
The black bear claws you. The polar bear closely misses you.
The polar bear barely misses you.
The polar bear claws you but does no damage.
The stone giant hits you!
You slash the stone giant! You carve the stone giant like a ham!!!
You slice the polar bear!! You slice the black bear!!
You kill the black bear!
That felt strangely unrewarding.
The stone giant hits you but does no damage.
The polar bear bites you but does no damage.
The polar bear claws you but does no damage. x2
The stone giant hits you but does no damage.
You slash the stone giant!
You kill the stone giant!
That felt strangely unrewarding.
You hit the stone giant but do no damage.
You slash the black bear!
You slice the polar bear like a ripe choko!!!
You kill the polar bear!
That felt strangely unrewarding.
The stone giant hits you!! The black bear closely misses you.
The black bear claws you but does no damage.
The black bear closely misses you.
Unknown command.
You take 69 damage, and have 92/197 hp.
MASSIVE DAMAGE!!
You are too injured to fight recklessly!
You are too injured to fight recklessly!
Unknown command.
You are too injured to fight recklessly!
Unknown command.
You hit the stone giant but do no damage.
You carve the black bear like a ham!!! You slash the stone giant!
You cut the black bear into ribbons!!!
You kill the black bear!
That felt strangely unrewarding.
The stone giant hits you!
The stone giant hits you but does no damage.
The black bear bites you but does no damage.
The black bear claws you but does no damage. x2
You take 8 damage, and have 84/197 hp.
You completely miss the stone giant. You slash the stone giant!
You slash the black bear!
You kill the black bear!
That felt strangely unrewarding.
The stone giant hits you! The stone giant hits you!
* * * LOW HITPOINT WARNING * * *
You take 25 damage, and have 59/197 hp.
You slash the stone giant! x2
The stone giant hits you!
* * * LOW HITPOINT WARNING * * *
The stone giant barely misses you.
You take 9 damage, and have 50/197 hp.
You slice the stone giant!! You slash the stone giant!
The stone giant hits you!!!
* * * LOW HITPOINT WARNING * * *
The stone giant hits you but does no damage.
You take 35 damage, and have 15/197 hp.
Drink which item? (? for menu, Esc to quit)
You feel much better. The stone giant barely misses you.
The stone giant barely misses you. The stone giant hits you!!!
You die...

).....#....#.)..')........##≈#
.))...#....#....#.........##≈#
..)..##....'....#........###≈#
....###....#....#........##≈≈#
''### #....#....'.......###≈≈#
...⌠###....#....#.......##≈≈≈#
)))..####'################≈≈≈#
)'#####...).....#$$:)>###≈≈≈≈#
..≈≈###.........@C$?=###≈≈≈≈≈#
..≈≈≈##........C#$$?###≈≈≈≈≈≈#
..≈≈≈≈#.........#$###≈≈≈≈≈≈≈≈#
..≈≈≈≈#.........####≈≈≈≈≈≈≈≈≈#
..≈≈≈≈#.......####≈≈≈≈≈≈≈≈≈≈≈#
..≈≈≈≈#.....####≈≈≈≈≈≈≈≈≈≈≈≈≈#
..≈≈≈≈#..#####≈≈≈≈≈≈≈≈≈≈≈≈≈≈≈#
..≈≈≈≈#####≈≈≈≈≈≈≈≈≈≈≈≈≈≈≈≈≈≈#
..≈≈≈≈##≈≈≈≈≈≈≈≈≈≈≈≈≈≈≈≈≈≈≈≈≈#


You could see 2 stone giants.

Vanquished Creatures
  the royal jelly (Slime:6)
  Khufu (Crypt:2)
  3 ancient liches
  2 greater mummies (Crypt:2)
  A caustic shrike (Depths:2)
  Saint Roka (Orc:4)
  2 curse toes
  A profane servitor (Abyss:1)
  11 golden dragons
  3 bone dragons
  10 liches
  12 tentacled monstrosities
  A Hell Sentinel (Abyss:3)
  A Shadow Fiend (Crypt:3)
  3 titans
  27 acid blobs
  2 sphinxes
  An Executioner (Abyss:3)
  8 tentacled starspawn
  3 thorn hunters (Swamp:5)
  3 sphinxes (shapeshifter) (Depths:4)
  Rupert (Spider:4)
  Agnes (Depths:2)
  An octopode crusher (Depths:2)
  6 shadow dragons
  4 draconian monks
  14 azure jellies
  8 tengu reavers
  4 ghost moths
  A revenant (Crypt:2)
  8 storm dragons
  A fire giant (shapeshifter) (Depths:4)
  9 frost giants
  7 fire giants
  A balrug (Abyss:2)
  10 vault wardens
  An iron dragon (Vaults:5)
  4 draconian knights
  3 draconian scorchers
  8 emperor scorpions
  Gastronok (D:8)
  A draconian zealot (Zot:4)
  4 ghouls (Crypt:1)
  13 war gargoyles
  A draconian annihilator (Zot:3)
  15 very ugly things
  A cacodemon (Abyss:2)
  2 draconian callers
  2 reapers
  4 spriggan defenders (Depths:2)
  5 draconian shifters
  14 rakshasas
  26 stone giants
  12 ironheart preservers
  3 grey draconians
  6 black draconians
  A salamander firebrand (Depths:5)
  3 vampire knights
  2 deep elf annihilators (Vaults:5)
  4 pale draconians
  3 purple draconians
  6 yellow draconians
  7 green draconians
  5 mottled draconians
  2 deep elf demonologists (Vaults:5)
  2 eidola
  3 white draconians
  7 dire elephants
  2 red draconians
  12 crystal guardians
  4 blizzard demons
  2 deep elf death magi
  12 death oozes
  2 merfolk javelineers (Depths:2)
  A merfolk impaler (Depths:2)
  14 jiangshi
  Josephine (Swamp:1)
  14 ettins
  12 ice dragons
  A quicksilver dragon zombie (Crypt:3)
  28 vault guards
  12 fire dragons
  2 green deaths
  2 deep elf high priests
  4 minotaurs
  21 yaktaur captains
  Fannar (D:10)
  16 great orbs of eyes
  17 ogre magi
  5 spriggan air magi
  2 naga warriors (Abyss:3)
  A quicksilver dragon skeleton (Crypt:1)
  3 catoblepae
  5 death cobs
  An anaconda (shapeshifter) (Vaults:4)
  11 centaur warriors
  Erica (Lair:7)
  5 deep troll shamans
  10 death yaks
  20 hydras
  2 tengu warriors
  2 hell hogs (Abyss:3)
  6 deep troll earth magi
  10 alligators
  4 death knights (Crypt:1)
  2 shock serpents (shapeshifter) (Depths:4)
  14 dancing weapons
  2 orc high priests (Orc:4)
  Urug (D:10)
  11 thrashing horrors
  7 spriggan berserkers
  10 spriggans
  7 vampire magi
  Nergalle (D:10)
  4 soul eaters
  A sun demon (Vaults:5)
  7 wretched stars
  7 deep elf knights
  24 skeletal warriors
  An unseen horror (shapeshifter) (Depths:3)
  A giant orange brain (shapeshifter) (Vaults:5)
  A deep troll (shapeshifter) (D:15)
  10 death scarabs (Crypt:2)
  2 spatial maelstroms
  15 hell knights
  5 shadow wraiths
  29 deep trolls
  2 golden dragon zombies
  9 giant orange brains
  19 hill giants
  A spriggan druid (Swamp:5)
  A fire crab (Vaults:4)
  A gelid demonspawn (Depths:5)
  3 ice devils
  3 shambling mangroves
  5 iron trolls
  A lindwurm (shapeshifter) (Depths:2)
  15 swamp dragons
  2 ice statues (Depths:4)
  2 deep elf summoners
  3 orb spiders
  2 unseen horrors
  2 obsidian statues (Depths:4)
  A spectral hydra (Swamp:3)
  A death drake (shapeshifter) (Depths:4)
  Pikel (D:8)
  7 harpies
  A harpy (shapeshifter) (Depths:1)
  4 flayed ghosts
  2 mana vipers (Crypt:2)
  11 necromancers
  13 ironbrand convokers
  21 orc knights
  2 shadow dragon zombies
  5 deep elf conjurers
  6 cyclopes
  An ugly thing zombie (Vaults:3)
  4 wizards
  An iron dragon zombie (Crypt:2)
  A faun (shapeshifter) (Vaults:5)
  A hornet (shapeshifter) (Abyss:3)
  56 ugly things
  3 griffons
  28 wolf spiders
  13 phantasmal warriors
  5 orc sorcerers
  A stone giant zombie (Abyss:1)
  5 worldbinders
  7 shining eyes
  2 shadow dragon skeletons (Crypt:3)
  A manticore (D:11)
  2 griffons (shapeshifter)
  3 sixfirhies
  3 guardian serpents (Abyss:3)
  A shock serpent zombie (Abyss:1)
  27 moths of wrath
  5 black mambas
  A rust devil (Abyss:3)
  2 moths of wrath (shapeshifter) (Vaults:5)
  Maurice (D:13)
  An elephant (shapeshifter) (Depths:4)
  A storm dragon simulacrum (Vaults:3)
  An apocalypse crab (Abyss:3)
  4 gargoyles (Depths:4)
  8 hornets
  3 orange demons
  2 centaur zombies
  15 vault sentinels
  4 molten gargoyles (Depths:4)
  6 centaur skeletons
  An eye of devastation (Slime:5)
  20 spiny frogs
  A catoblepas zombie (Crypt:3)
  5 swamp worm zombies (Swamp:3)
  Psyche (D:8)
  5 kobold demonologists
  A dire elephant skeleton (Crypt:3)
  A naga mage (Abyss:3)
  18 demonic crawlers
  A yaktaur zombie (Vaults:3)
  3 fire drakes
  A hellion (Abyss:2)
  An efreet (D:14)
  An elf (shapeshifter) (Abyss:1)
  12 smoke demons
  4 hellwings (Abyss:3)
  8 komodo dragons
  An emperor scorpion zombie (Crypt:3)
  A yaktaur (shapeshifter) (Depths:4)
  55 yaktaurs
  32 jumping spiders
  A redback zombie (D:15)
  5 ancient zymes
  4 deep elf priests
  A troll (shapeshifter) (Depths:3)
  A red draconian skeleton (Crypt:2)
  5 red devils
  A tengu conjurer (Depths:5)
  A queen bee (D:14)
  7 giant leeches
  A queen bee (shapeshifter) (Depths:4)
  A hydra zombie (Crypt:3)
  A wind drake (shapeshifter) (Depths:1)
  A jumping spider (shapeshifter) (Vaults:4)
  Sonja (Orc:4)
  A polar bear (shapeshifter) (Vaults:4)
  7 polar bears
  3 blue devils
  A wolf spider simulacrum (Crypt:1)
  2 ravens (shapeshifter)
  14 blink frogs
  9 trolls
  20 freezing wraiths
  124 slime creatures
  Prince Ribbit (D:8)
  A hydra skeleton (Crypt:2)
  2 wind drakes (Depths:4)
  6 boulder beetles
  18 bog bodies
  32 two-headed ogres
  2 alligator zombies
  A snapping turtle (shapeshifter) (D:14)
  A two-headed ogre (shapeshifter) (Depths:4)
  6 baby alligators (Swamp:5)
  A baby alligator (shapeshifter) (Depths:3)
  22 raiju
  5 spectral swamp dragons (Swamp:3)
  A hornet zombie (D:14)
  16 ravens
  2 fire giant simulacra (Vaults:4)
  A fire dragon zombie (Crypt:3)
  An ice dragon zombie (Crypt:1)
  An ettin zombie (Crypt:3)
  12 air elementals
  A basilisk (shapeshifter) (D:15)
  11 vampires
  14 starcursed masses
  A spriggan (shapeshifter) (Vaults:4)
  3 basilisks
  2 fire dragon skeletons (Crypt:3)
  5 giant leech zombies (Swamp:3)
  2 redbacks (shapeshifter) (Depths:4)
  6 fire elementals
  7 shadows
  21 tarantellas
  14 wraiths
  36 yaks
  34 flying skulls (Crypt:3)
  18 water elementals
  23 trapdoor spiders
  46 redbacks
  2 fire bats (shapeshifter)
  2 wyverns
  8 ynoxinuls
  A steam dragon (D:9)
  7 deep elf magi
  A trapdoor spider (shapeshifter) (Vaults:4)
  6 hungry ghosts
  A centaur simulacrum (D:14)
  22 golden eyes
  Grum (D:13)
  11 hippogriffs
  6 chaos spawn
  7 neqoxecs
  26 vampire mosquitoes
  A golden eye (shapeshifter) (Vaults:2)
  6 deep elf fighters
  4 mottled dragons
  A wolf (shapeshifter) (Depths:4)
  31 swamp worms
  4 spatial vortices (Abyss:3)
  Menkaure (D:4)
  20 wargs
  9 wolves
  2 human zombies (Crypt:3)
  8 insubstantial wisps
  5 nagas (Abyss:3)
  15 water moccasins
  An infernal demonspawn skeleton (Crypt:2)
  A faun skeleton (Crypt:1)
  3 hydra simulacra (Swamp:4)
  A soldier ant (shapeshifter) (D:15)
  A water nymph skeleton (Crypt:2)
  A dwarf (shapeshifter) (Depths:4)
  A spider (shapeshifter) (Vaults:2)
  A torturous demonspawn skeleton (Crypt:2)
  2 slaves (D:8)
  25 spiders
  15 eyes of draining
  15 small abominations
  11 ice beasts
  A spiny frog zombie (Crypt:3)
  8 black bears
  2 eyes of draining (shapeshifter)
  62 ogres
  16 swamp drakes
  An orc zombie (Vaults:3)
  2 phantoms
  14 porcupines
  9 wasps
  6 necrophages
  46 orc warriors
  4 sky beasts
  A black bear (shapeshifter) (Depths:2)
  18 crocodiles
  25 large abominations
  2 boring beetles
  26 giant frogs
  Duvessa (D:5)
  An ettin simulacrum (Crypt:2)
  19 centaurs
  5 big kobolds
  A deep troll simulacrum (Vaults:4)
  A gnoll sergeant (D:7)
  6 earth elementals
  A wyvern zombie (D:10)
  A water moccasin zombie (D:10)
  3 troll zombies (Swamp:3)
  3 wyvern skeletons
  4 scorpions
  A yak zombie (Crypt:1)
  A hippogriff zombie (Crypt:1)
  28 killer bees
  2 spriggan zombies (Swamp:3)
  A boulder beetle zombie (Vaults:3)
  27 wights
  4 electric eels
  A yak skeleton (Crypt:1)
  12 crimson imps
  Dowan (D:5)
  3 goliath beetles
  2 human simulacra (Vaults:1)
  36 jellies
  13 quasits
  2 giant frog skeletons
  37 orc priests
  20 hounds
  8 iron imps
  14 iguanas
  14 worker ants
  40 orc wizards
  11 hell rats
  Ijyb (D:6)
  18 sheep
  A tengu zombie (Abyss:1)
  An ogre skeleton (Crypt:1)
  An ogre zombie (Crypt:2)
  Terence (D:2)
  4 mummies
  3 worker ant zombies
  Robin (D:3)
  29 adders
  6 gnolls
  32 river rats
  A giant mite (D:7)
  11 shadow imps
  A giant mite (shapeshifter) (D:15)
  4 white imps
  4 worms
  15 ufetubi
  An adder skeleton (D:9)
  An adder zombie (D:5)
  11 oozes
  190 orcs
  3 ball pythons (D:6)
  22 bats
  A bat skeleton (D:8)
  23 hobgoblins
  13 quokkas
  A river rat zombie (Crypt:1)
  4 giant cockroaches
  7 giant geckos
  A giant gecko skeleton (D:7)
  7 giant newts
  2 giant spores
  30 goblins
  A hobgoblin skeleton (Crypt:2)
  12 jackals
  26 kobolds
  A kobold zombie (Crypt:2)
  A quokka zombie (D:6)
  21 rats
  2 spectral orcs (D:10)
  3 ballistomycetes
  4 butterflies
  2 crawling corpses (Vaults:5)
  8 fungi
  7 plants
  10 starspawn tentacles
3302 creatures vanquished.

Vanquished Creatures (collateral kills)
  Nikola (Vaults:3)
  Roxanne (Swamp:2)
  The ghost of SaintRoka the Fencer, a mighty HEBe of Trog (Swamp:5)
  Louise (D:14)
  2 vault wardens (Vaults:5)
  2 emperor scorpions
  A stone giant (Vaults:3)
  A fire dragon (Depths:2)
  The ghost of Uberwunderbarhen the Fighter, a powerful DsGl of Xom (D:11)
  3 hydras
  Nessos (D:13)
  A dancing weapon (Depths:4)
  A spriggan (Depths:2)
  2 deep trolls
  Erolcha (Orc:4)
  A shambling mangrove (Swamp:5)
  A harpy (Vaults:3)
  4 wolf spiders
  19 orb spiders
  2 ugly things (Depths:1)
  A moth of wrath (Spider:3)
  A spiny frog (Lair:2)
  A demonic crawler (Spider:4)
  2 blink frogs (Lair:1)
  4 jumping spiders
  A two-headed ogre (Depths:2)
  2 tarantellas
  A trapdoor spider (Spider:5)
  2 redbacks
  A wolf (D:10)
  3 vampire mosquitoes (Swamp:5)
  3 orc warriors
  A warg (D:10)
  A wasp (Depths:2)
  An ogre (Depths:2)
  3 spiders (Spider:3)
  A killer bee (D:10)
  2 electric eels
  A worker ant zombie (D:11)
79 creatures vanquished.

Vanquished Creatures (others)
  A caustic shrike (shapeshifter) (Depths:4)
  A golden dragon (Vaults:5)
  A very ugly thing (Vaults:2)
  A red draconian (Zot:4)
  2 small abominations
  A deep elf high priest (Vaults:5)
  A naga warrior (Abyss:3)
  An alligator (Swamp:5)
  A vampire mage (Depths:1)
  A dancing weapon (Depths:4)
  8 ball lightnings (Depths:4)
  A hill giant (Depths:5)
  An ugly thing (Depths:4)
  A black mamba (Lair:7)
  2 trolls
  3 two-headed ogres
  A baby alligator (Swamp:5)
  A warg (D:10)
  2 slaves (D:8)
  2 ogres
  An orc warrior (Orc:4)
  8 lost souls
  A killer bee (D:8)
  A crimson imp (D:8)
  2 orcs
  A lurking horror (Abyss:3)
  3 briar patches (Swamp:5)
  3 fungi (Lair:8)
  6 plants
  10 starspawn tentacles
  102 starspawn tentacle segments
171 creatures vanquished.

Grand Total: 3552 creatures vanquished

Notes
Turn   | Place    | Note
--------------------------------------------------------------
     0 | D:1      | drasked, the Gargoyle Berserker, began the quest for the Orb.
     0 | D:1      | Reached XP level 1. HP: 14/14 MP: 1/1
     0 | D:1      | 0 ||| counter = 38
     0 | D:1      | 0 ||| counter = 39
   279 | D:1      | Reached skill level 3 in Axes
   362 | D:1      | Reached XP level 2. HP: 14/19 MP: 2/2
   508 | D:1      | Acquired Trog's second power
   750 | D:1      | Reached XP level 3. HP: 20/23 MP: 3/3
   915 | D:1      | 915 ||| UPGRADING to pair of gloves.
   920 | D:1      | 920 ||| UPGRADING to scale mail.
   930 | D:1      | 930 ||| DROPPING +0 animal skin.
   931 | D:1      | 931 ||| UPGRADING to glowing leather armour.
   941 | D:1      | 941 ||| UPGRADING to +0 scale mail.
   951 | D:1      | 951 ||| DROPPING +3 leather armour.
   952 | D:1      | 952 ||| READING scroll labeled KORORAILEZ.
   953 | D:1      | 953 ||| READING scroll labeled QIH ZYLUGAICWUNT.
   954 | D:1      | 954 ||| READING scroll labeled XEOMEU NEGHOE.
   957 | D:1      | 957 ||| READING scroll labeled PHEILA BLEONUN.
   975 | D:2      | Found a blossoming altar of Fedhas.
   980 | D:2      | 980 ||| STAIRDANCE
  1040 | D:2      | Reached skill level 4 in Axes
  1123 | D:2      | Reached XP level 4. HP: 19/28 MP: 4/4
  1234 | D:2      | 1234 ||| INVOKING Berserk.
  1274 | D:2      | 1274 ||| EATING 2 bread rations.
  1286 | D:2      | Noticed Terence
  1331 | D:2      | Killed Terence
  1437 | D:2      | Reached skill level 5 in Axes
  1489 | D:2      | Reached XP level 5. HP: 32/32 MP: 5/5
  1789 | D:2      | 1789 ||| UPGRADING to chain mail.
  1799 | D:2      | 1799 ||| DROPPING +0 scale mail.
  1800 | D:2      | 1800 ||| UPGRADING to copper ring.
  1801 | D:2      | 1801 ||| READING 2 scrolls of remove curse.
  1802 | D:2      | 1802 ||| REMOVING -2 ring of protection.
  1803 | D:2      | 1803 ||| DROPPING -2 ring of protection.
  1804 | D:2      | 1804 ||| READING 2 scrolls of identify.
  1804 | D:2      | 1804 ||| IDENTIFYING emerald potion {tried by monster}
  2111 | D:3      | Found a glowing golden altar of the Shining One.
  2163 | D:3      | Noticed Robin
  2166 | D:3      | Acquired Trog's third power
  2194 | D:3      | Killed Robin
  2442 | D:3      | 2442 ||| EATING bread ration.
  2452 | D:3      | 2452 ||| UPGRADING to war axe.
  2453 | D:3      | 2453 ||| DROPPING +0 hand axe.
  2538 | D:3      | 2538 ||| UPGRADING to helmet.
  2543 | D:3      | 2543 ||| READING 2 scrolls labeled GHIEVV AKOCESH.
  2544 | D:3      | 2544 ||| READING scroll labeled FREXADGH ROAMN.
  2545 | D:3      | 2545 ||| READING scroll labeled WOYXTETSYOJ.
  2546 | D:3      | 2546 ||| DRINKING 2 silvery potions.
  2547 | D:3      | 2547 ||| READING 3 scrolls of identify.
  2547 | D:3      | 2547 ||| IDENTIFYING puce potion
  2548 | D:3      | 2548 ||| READING 2 scrolls of identify.
  2548 | D:3      | 2548 ||| IDENTIFYING viscous amethyst potion
  2562 | D:4      | Noticed Menkaure
  2565 | D:4      | 2565 ||| INVOKING Berserk.
  2566 | D:4      | Noticed an ogre
  2569 | D:4      | Killed Menkaure
  2569 | D:4      | Reached skill level 6 in Axes
  2569 | D:4      | Reached XP level 6. HP: 37/37 MP: 6/6
  2572 | D:4      | Killed an ogre
  2650 | D:4      | 2650 ||| READING scroll of remove curse.
  2781 | D:4      | Reached XP level 7. HP: 38/41 MP: 7/7
  3095 | D:4      | Received a gift from Trog
  3138 | D:4      | Reached skill level 7 in Axes
  3196 | D:4      | Found a staircase to the Ecumenical Temple.
  3459 | D:4      | 3459 ||| READING scroll labeled FUFUINN MYUNU.
  3460 | D:4      | 3460 ||| READING scroll of identify.
  3460 | D:4      | 3460 ||| IDENTIFYING coral ring
  3461 | D:4      | 3461 ||| UPGRADING to ring of protection from magic.
  3471 | D:5      | Entered Level 5 of the Dungeon
  3540 | D:5      | 3540 ||| INVOKING Berserk.
  3683 | D:5      | Got a brightly glowing battleaxe
  3684 | D:5      | 3684 ||| UPGRADING to brightly glowing battleaxe.
  3684 | D:5      | Identified the +10 battleaxe "Schaegore" {chop, *Rage rElec Int+6} (You took it off an orc on level 5 of the Dungeon)
  3685 | D:5      | 3685 ||| UPGRADING to +0 war axe.
  3686 | D:5      | 3686 ||| DROPPING +10 battleaxe "Schaegore" {chop, *Rage rElec Int+6}.
  4116 | D:5      | 4116 ||| INVOKING Berserk.
  4240 | D:5      | Received a gift from Trog
  4288 | D:5      | 4288 ||| UPGRADING to glowing battleaxe {god gift}.
  4289 | D:5      | 4289 ||| DROPPING +0 war axe.
  4451 | D:5      | Noticed Dowan
  4452 | D:5      | Noticed Duvessa
  4459 | D:5      | 4459 ||| DRINKING 4 potions of curing.
  4459 | D:5      | 4459 ||| (to cure confusion)
  4461 | D:5      | Killed Dowan
  4461 | D:5      | Reached skill level 8 in Axes
  4462 | D:5      | 4462 ||| INVOKING Berserk.
  4463 | D:5      | Killed Duvessa
  4463 | D:5      | Reached XP level 8. HP: 48/48 MP: 8/8
  4500 | D:5      | 4500 ||| EATING beef jerky.
  4605 | D:5      | 4605 ||| INVOKING Berserk.
  4854 | D:5      | 4854 ||| READING scroll labeled ANLAIMN BUKEXA.
  4855 | D:5      | 4855 ||| DRINKING 2 sedimented puce potions.
  4856 | D:5      | 4856 ||| DRINKING 2 sapphire potions.
  4857 | D:5      | 4857 ||| READING 3 scrolls of identify.
  4857 | D:5      | 4857 ||| IDENTIFYING fizzy blue potion
  4858 | D:5      | 4858 ||| READING 2 scrolls of identify.
  4858 | D:5      | 4858 ||| IDENTIFYING black potion
  4912 | D:6      | 4912 ||| INVOKING Berserk.
  4915 | D:6      | Reached skill level 3 in Armour
  4917 | D:6      | Reached skill level 9 in Axes
  4969 | D:6      | 4969 ||| EATING 4 bread rations.
  4999 | D:6      | Found a burning altar of Makhleb.
  5163 | D:6      | 5163 ||| INVOKING Berserk.
  5271 | D:6      | 5271 ||| INVOKING Berserk.
  5402 | D:6      | 5402 ||| READING scroll of enchant weapon.
  5402 | D:6      | 5402 ||| ENCHANTING +5 battleaxe of flaming.
  5447 | D:6      | 5447 ||| INVOKING Berserk.
  5479 | D:6      | 5479 ||| EATING 3 bread rations.
  5520 | D:6      | 5520 ||| INVOKING Berserk.
  5525 | D:6      | Reached XP level 9. HP: 54/54 MP: 9/9
  5618 | D:6      | Found an ancient bone altar of Kikubaaqudgha.
  5623 | D:6      | Found an iron altar of Okawaru.
  5623 | D:6      | Found a bloodstained altar of Trog.
  5633 | D:6      | Found a stormy altar of Qazlal.
  5905 | D:6      | Noticed Ijyb
  5910 | D:6      | Killed Ijyb
  5999 | D:6      | Reached skill level 10 in Axes
  6030 | D:6      | 6030 ||| UPGRADING to plate armour.
  6040 | D:6      | 6040 ||| DROPPING +0 chain mail.
  6041 | D:6      | 6041 ||| DRINKING 2 pink potions.
  6042 | D:6      | 6042 ||| READING 3 scrolls of identify.
  6042 | D:6      | 6042 ||| IDENTIFYING green potion
  6097 | D:7      | 6097 ||| INVOKING Berserk.
  6141 | D:7      | 6141 ||| EATING 2 bread rations.
  6301 | D:7      | 6301 ||| READING scroll of enchant weapon.
  6301 | D:7      | 6301 ||| ENCHANTING +6 battleaxe of flaming.
  6429 | D:7      | 6429 ||| INVOKING Berserk.
  6431 | D:7      | Received a gift from Trog
  6586 | D:7      | Reached skill level 11 in Axes
  7057 | D:7      | 7057 ||| EATING 2 bread rations.
  7168 | D:7      | 7168 ||| READING 2 scrolls of identify.
  7168 | D:7      | 7168 ||| IDENTIFYING scratched marble ring
  7169 | D:7      | 7169 ||| DROPPING ring of stealth.
  7266 | D:8      | 7266 ||| INVOKING Berserk.
  7373 | D:8      | 7373 ||| READING scroll of remove curse.
  7377 | D:8      | Noticed Pikel
  7379 | D:8      | 7379 ||| INVOKING Berserk.
  7384 | D:8      | Killed Pikel
  7384 | D:8      | Reached skill level 6 in Fighting
  7384 | D:8      | Reached XP level 10. HP: 61/61 MP: 10/10
  7513 | D:8      | Noticed Psyche
  7517 | D:8      | 7517 ||| INVOKING Berserk.
  7521 | D:8      | Killed Psyche
  7521 | D:8      | Reached skill level 12 in Axes
  7560 | D:8      | 7560 ||| EATING bread ration.
  7695 | D:8      | 7695 ||| INVOKING Berserk.
  7947 | D:8      | Found Hubeuroiku's Armour Shop.
  7997 | D:8      | Found a burning altar of Makhleb.
  7998 | D:8      | Noticed Gastronok
  7999 | D:8      | 7999 ||| INVOKING Berserk.
  8008 | D:8      | Killed Gastronok
  8113 | D:8      | Noticed Prince Ribbit
  8142 | D:8      | Killed Prince Ribbit
  8142 | D:8      | Received a gift from Trog
  8555 | D:9      | 8555 ||| READING scroll of enchant weapon.
  8555 | D:9      | 8555 ||| ENCHANTING +7 battleaxe of flaming.
  8690 | D:9      | Reached skill level 13 in Axes
  8787 | D:9      | Found a shattered altar of Ashenzari.
  8829 | D:9      | 8829 ||| INVOKING Berserk.
  8888 | D:9      | 8888 ||| Stepping ~*~*~tactically~*~*~ (cloud).
  8965 | D:9      | Reached XP level 11. HP: 54/66 MP: 11/11
  9265 | D:9      | 9265 ||| INVOKING Berserk.
  9406 | D:9      | 9406 ||| READING scroll of identify.
  9406 | D:9      | 9406 ||| IDENTIFYING garnet ring
  9407 | D:9      | 9407 ||| DROPPING ring of wizardry.
  9426 | D:10     | Entered Level 10 of the Dungeon
  9465 | D:10     | Noticed Urug
  9465 | D:10     | Received a gift from Trog
  9472 | D:10     | 9472 ||| INVOKING Berserk.
  9477 | D:10     | Killed Urug
  9562 | D:10     | 9562 ||| EATING beef jerky.
  9685 | D:10     | Noticed an orc knight
  9688 | D:10     | 9688 ||| INVOKING Berserk.
  9697 | D:10     | Killed an orc knight
  9702 | D:10     | 9702 ||| READING scroll of teleportation.
  9703 | D:10     | 9703 ||| Stepping ~*~*~tactically~*~*~ (water).
  9707 | D:10     | 9707 ||| INVOKING Brothers in Arms.
  9716 | D:10     | Reached skill level 14 in Axes
  9717 | D:10     | 9717 ||| EATING 5 meat rations.
  9930 | D:10     | Noticed an orc knight
  9996 | D:10     | 9996 ||| INVOKING Berserk.
 10005 | D:10     | Killed an orc knight
 10016 | D:10     | 10016 ||| INVOKING Brothers in Arms.
 10069 | D:10     | 10069 ||| INVOKING Berserk.
 10164 | D:10     | 10164 ||| INVOKING Berserk.
 10174 | D:10     | 10174 ||| EATING 5 meat rations.
 10287 | D:10     | Noticed Nergalle
 10291 | D:10     | 10291 ||| INVOKING Berserk.
 10298 | D:10     | Killed Nergalle
 10526 | D:10     | Found a staircase to the Lair.
 10528 | D:10     | 10528 ||| Stepping ~*~*~tactically~*~*~ (water).
 10529 | D:10     | 10529 ||| INVOKING Berserk.
 10538 | D:10     | 10538 ||| INVOKING Brothers in Arms.
 10584 | D:10     | Noticed a wizard
 10584 | D:10     | 10584 ||| INVOKING Trog's Hand.
 10590 | D:10     | Killed a wizard
 10649 | D:10     | 10649 ||| Stepping ~*~*~tactically~*~*~ (water).
 10699 | D:10     | 10699 ||| Stepping ~*~*~tactically~*~*~ (water).
 10756 | D:10     | Received a gift from Trog
 10760 | D:10     | 10760 ||| INVOKING Berserk.
 10835 | D:10     | 10835 ||| UPGRADING to runed executioner's axe {god gift}.
 10836 | D:10     | 10836 ||| UPGRADING to +8 battleaxe of flaming.
 10837 | D:10     | 10837 ||| DROPPING +7 antimagic executioner's axe.
 10850 | D:10     | 10850 ||| Stepping ~*~*~tactically~*~*~ (water).
 10853 | D:10     | Reached skill level 15 in Axes
 10974 | D:10     | Noticed an orc knight
 10977 | D:10     | Noticed Fannar
 10977 | D:10     | 10977 ||| INVOKING Berserk.
 10983 | D:10     | Killed an orc knight
 10992 | D:10     | Killed Fannar
 10992 | D:10     | Reached XP level 12. HP: 70/74 MP: 12/12
 10996 | D:10     | 10996 ||| EATING beef jerky.
 11144 | D:10     | 11144 ||| INVOKING Berserk.
 11459 | D:10     | Noticed a wizard
 11460 | D:10     | 11460 ||| INVOKING Trog's Hand.
 11465 | D:10     | Killed a wizard
 11605 | D:10     | Noticed a wizard
 11606 | D:10     | 11606 ||| INVOKING Trog's Hand.
 11614 | D:10     | Killed a wizard
 11787 | D:10     | 11787 ||| Stepping ~*~*~tactically~*~*~ (water).
 11960 | Lair:1   | Entered Level 1 of the Lair of Beasts
 11961 | Lair:1   | 11961 ||| Entered L.
 11965 | Lair:1   | 11965 ||| STAIRDANCE
 11995 | Lair:1   | Noticed a six-headed hydra
 11995 | Lair:1   | 11995 ||| INVOKING Brothers in Arms.
 11999 | Lair:1   | 11999 ||| INVOKING Berserk.
 12001 | Lair:1   | Killed a four-headed hydra
 12006 | Lair:1   | 12006 ||| EATING 3 fruits.
 12200 | Lair:1   | Reached skill level 16 in Axes
 12296 | Lair:1   | 12296 ||| INVOKING Berserk.
 12558 | Lair:1   | 12558 ||| INVOKING Berserk.
 12566 | Lair:1   | 12566 ||| READING scroll of teleportation.
 12628 | Lair:1   | 12628 ||| INVOKING Berserk.
 12639 | Lair:1   | 12639 ||| INVOKING Brothers in Arms.
 12644 | Lair:1   | 12644 ||| EATING 2 fruits.
 12922 | Lair:1   | 12922 ||| READING scroll labeled ASIEVO KOSANE.
 12922 | Lair:1   | Identified a scroll of acquirement
 12924 | Lair:1   | 12924 ||| UPGRADING to glowing plate armour.
 12934 | Lair:1   | 12934 ||| DROPPING +0 plate armour.
 12935 | Lair:1   | 12935 ||| READING scroll labeled NIAGUCSAQU.
 12936 | Lair:1   | 12936 ||| DRINKING 2 golden potions.
 12959 | Lair:2   | 12959 ||| STAIRDANCE
 12967 | Lair:2   | 12967 ||| STAIRDANCE
 13194 | Lair:2   | 13194 ||| READING scroll of remove curse.
 13304 | Lair:2   | 13304 ||| INVOKING Berserk.
 13322 | Lair:2   | 13322 ||| EATING 3 fruits.
 13369 | Lair:2   | 13369 ||| INVOKING Berserk.
 13674 | Lair:2   | Noticed a six-headed hydra
 13674 | Lair:2   | 13674 ||| INVOKING Brothers in Arms.
 13678 | Lair:2   | 13678 ||| INVOKING Berserk.
 13683 | Lair:2   | Killed a two-headed hydra
 13683 | Lair:2   | Received a gift from Trog
 13683 | Lair:2   | Reached skill level 17 in Axes
 13683 | Lair:2   | Reached XP level 13. HP: 79/79 MP: 13/13
 13745 | Lair:2   | 13745 ||| UPGRADING to runed battleaxe {god gift}.
 13746 | Lair:2   | 13746 ||| UPGRADING to +8 battleaxe of flaming.
 13747 | Lair:2   | 13747 ||| DROPPING +6 battleaxe of chopping.
 14090 | Lair:2   | 14090 ||| READING scroll labeled ONOMUWN AFU LUFE.
 14091 | Lair:2   | 14091 ||| READING scroll of identify.
 14091 | Lair:2   | 14091 ||| IDENTIFYING blackened bone amulet
 14092 | Lair:2   | 14092 ||| UPGRADING to amulet of regeneration.
 14218 | Lair:3   | Reached skill level 6 in Armour
 14267 | Lair:3   | Found a hole to the Spider Nest.
 14414 | Lair:3   | 14414 ||| READING scroll of enchant weapon.
 14414 | Lair:3   | 14414 ||| ENCHANTING +8 battleaxe of flaming.
 14893 | Lair:3   | 14893 ||| EATING 12 fruits.
 14969 | Lair:3   | 14969 ||| READING 2 scrolls of identify.
 14969 | Lair:3   | 14969 ||| IDENTIFYING steel ring
 14970 | Lair:3   | 14970 ||| DROPPING cursed ring of teleportation.
 15517 | Lair:4   | Received a gift from Trog
 15853 | Lair:4   | 15853 ||| READING scroll labeled RESHEA TWIOG.
 15854 | Lair:4   | 15854 ||| DRINKING 2 fizzy silvery potions.
 15855 | Lair:4   | 15855 ||| READING 3 scrolls of identify.
 15855 | Lair:4   | 15855 ||| IDENTIFYING bubbling golden potion
 15900 | Lair:5   | 15900 ||| EATING 11 fruits.
 16124 | Lair:5   | 16124 ||| INVOKING Brothers in Arms.
 16126 | Lair:5   | 16126 ||| INVOKING Berserk.
 16181 | Lair:5   | 16181 ||| EATING 10 fruits.
 16359 | Lair:5   | 16359 ||| EATING 9 fruits.
 16806 | Lair:5   | 16806 ||| UPGRADING to twisted granite ring.
 16807 | Lair:5   | 16807 ||| REMOVING ring of flight.
 16808 | Lair:5   | 16808 ||| DROPPING ring of flight.
 16809 | Lair:5   | 16809 ||| READING 3 scrolls of identify.
 16809 | Lair:5   | 16809 ||| IDENTIFYING wand of heal wounds
 16810 | Lair:5   | 16810 ||| READING 2 scrolls of identify.
 16810 | Lair:5   | 16810 ||| IDENTIFYING cyan potion
 16823 | Lair:6   | 16823 ||| INVOKING Brothers in Arms.
 16826 | Lair:6   | 16826 ||| INVOKING Berserk.
 16832 | Lair:6   | 16832 ||| EATING 8 fruits.
 17270 | Lair:6   | Reached skill level 9 in Fighting
 17588 | Lair:6   | Found a staircase to the Swamp.
 17881 | Lair:6   | 17881 ||| UPGRADING to golden ring.
 18023 | Lair:7   | Found a staircase to the Slime Pits.
 18173 | Lair:7   | 18173 ||| READING scroll of enchant armour.
 18173 | Lair:7   | 18173 ||| ENCHANTING +0 plate armour of fire resistance.
 18204 | Lair:7   | 18204 ||| INVOKING Brothers in Arms.
 18206 | Lair:7   | 18206 ||| INVOKING Berserk.
 18209 | Lair:7   | Reached skill level 18 in Axes
 18214 | Lair:7   | 18214 ||| EATING 12 fruits.
 18342 | Lair:7   | Received a gift from Trog
 18477 | Lair:7   | Noticed Erica
 18480 | Lair:7   | 18480 ||| INVOKING Berserk.
 18489 | Lair:7   | Killed Erica
 18539 | Lair:7   | 18539 ||| EATING 11 fruits.
 19106 | Lair:7   | 19106 ||| INVOKING Brothers in Arms.
 19109 | Lair:7   | 19109 ||| INVOKING Berserk.
 19207 | Lair:7   | 19207 ||| UPGRADING to pair of glowing boots.
 19212 | Lair:7   | 19212 ||| UPGRADING to runed jade ring.
 19214 | Lair:7   | 19214 ||| REMOVING ring of invisibility.
 19215 | Lair:7   | 19215 ||| DROPPING ring of invisibility.
 19216 | Lair:7   | 19216 ||| UPGRADING to ring of protection from magic.
 19217 | Lair:7   | 19217 ||| READING 2 scrolls labeled TWALUZ LOALUEL.
 19218 | Lair:7   | 19218 ||| READING scroll of recharging.
 19218 | Lair:7   | 19218 ||| RECHARGING wand of heal wounds (3).
 19219 | Lair:7   | 19219 ||| READING 3 scrolls of identify.
 19219 | Lair:7   | 19219 ||| IDENTIFYING blue potion
 19255 | Lair:8   | Entered Level 8 of the Lair of Beasts
 19418 | Lair:8   | Received a gift from Trog
 19427 | Lair:8   | 19427 ||| UPGRADING to glowing battleaxe {god gift}.
 19428 | Lair:8   | 19428 ||| UPGRADING to +9 battleaxe of flaming.
 19429 | Lair:8   | 19429 ||| DROPPING +2 antimagic battleaxe.
 19507 | Lair:8   | 19507 ||| INVOKING Berserk.
 19691 | Lair:8   | 19691 ||| INVOKING Berserk.
 19698 | Lair:8   | Gained mutation: Your wings are large and strong. [gargoyle growth]
 19698 | Lair:8   | Reached XP level 14. HP: 86/86 MP: 14/14
 19747 | Lair:8   | 19747 ||| INVOKING Fly.
 19747 | Lair:8   | 19747 ||| FLYING.
 19774 | Lair:8   | 19774 ||| EATING 10 fruits.
 20223 | Lair:8   | 20223 ||| READING scroll labeled ULEBU PLOMY.
 20578 | D:11     | Noticed Uberwunderbarhen's ghost (powerful DsGl)
 20578 | D:11     | 20578 ||| INVOKING Brothers in Arms.
 20594 | D:11     | Killed Uberwunderbarhen's ghost
 20600 | D:11     | 20600 ||| EATING 9 fruits.
 20732 | D:11     | Found a staircase to the Orcish Mines.
 20829 | D:11     | Reached skill level 19 in Axes
 20984 | D:11     | Received a gift from Trog
 21373 | Orc:1    | Entered Level 1 of the Orcish Mines
 21374 | Orc:1    | 21374 ||| Entered O.
 21475 | Orc:2    | 21475 ||| STAIRDANCE
 21483 | Orc:2    | 21483 ||| STAIRDANCE
 21632 | Orc:3    | Found Anoy's General Store.
 21637 | Orc:3    | 21637 ||| STAIRDANCE
 22015 | Orc:3    | Received a gift from Trog
 22024 | Orc:3    | 22024 ||| UPGRADING to glowing battleaxe {god gift}.
 22025 | Orc:3    | 22025 ||| UPGRADING to +9 battleaxe of flaming.
 22026 | Orc:3    | 22026 ||| DROPPING +1 antimagic battleaxe.
 22222 | Orc:3    | Found a staircase to the Elven Halls.
 22408 | D:12     | Found Ahuputasui's Jewellery Shop.
 22953 | D:12     | HP: 5/87 [cyclops/large rock (32)]
 22954 | D:12     | 22954 ||| ZAPPING wand of heal wounds (8).
 22955 | D:12     | 22955 ||| INVOKING Berserk.
 22975 | D:12     | 22975 ||| EATING 8 fruits.
 23033 | D:12     | 23033 ||| EATING 7 fruits.
 23478 | D:12     | 23478 ||| READING 2 scrolls of identify.
 23478 | D:12     | 23478 ||| IDENTIFYING fizzy black potion
 23537 | D:13     | Noticed Nessos
 23538 | D:13     | 23538 ||| INVOKING Brothers in Arms.
 23545 | D:13     | 23545 ||| INVOKING Berserk.
 23545 | D:13     | Killed Nessos
 23555 | D:13     | Noticed Maurice
 23559 | D:13     | Killed Maurice
 23595 | D:13     | 23595 ||| EATING 6 fruits.
 23692 | D:13     | 23692 ||| EATING 5 fruits.
 23757 | D:13     | Noticed Grum
 23762 | D:13     | Killed Grum
 24237 | D:13     | 24237 ||| EATING 4 fruits.
 24295 | D:13     | 24295 ||| UPGRADING to cloak.
 24300 | D:13     | 24300 ||| UPGRADING to diamond ring.
 24300 | D:13     | 24300 ||| UPGRADING to diamond ring.
 24301 | D:13     | 24301 ||| REMOVING ring of sustain abilities.
 24302 | D:13     | 24302 ||| DROPPING ring of sustain abilities.
 24303 | D:13     | 24303 ||| UPGRADING to peridot ring.
 24304 | D:13     | 24304 ||| UPGRADING to ring of protection from magic.
 24475 | D:14     | Found a portal to a secret trove of treasure.
 24511 | D:14     | 24511 ||| EATING 3 fruits.
 24769 | D:14     | 24769 ||| INVOKING Brothers in Arms.
 24771 | D:14     | 24771 ||| INVOKING Berserk.
 24780 | D:14     | 24780 ||| EATING 2 fruits.
 24922 | D:14     | Noticed Louise
 24923 | D:14     | 24923 ||| INVOKING Trog's Hand.
 24925 | D:14     | 24925 ||| INVOKING Brothers in Arms.
 24929 | D:14     | 24929 ||| INVOKING Berserk.
 24940 | D:14     | Killed Louise
 25173 | D:14     | Received a gift from Trog
 25187 | D:14     | Reached skill level 20 in Axes
 25188 | D:14     | 25188 ||| INVOKING Berserk.
 25220 | D:14     | 25220 ||| EATING fruit.
 25303 | D:14     | Found a gate to the Vaults.
 25319 | D:14     | 25319 ||| INVOKING Berserk.
 25370 | D:14     | 25370 ||| EATING 3 beef jerkies.
 25402 | D:14     | 25402 ||| INVOKING Berserk.
 25525 | D:14     | Reached XP level 15. HP: 92/92 MP: 15/15
 25587 | D:14     | 25587 ||| READING scroll labeled WEKYGG VIODI.
 25588 | D:14     | 25588 ||| READING scroll labeled CIQIJE DIERI.
 25608 | D:14     | 25608 ||| DROPPING tomahawk.
 25611 | D:15     | Entered Level 15 of the Dungeon
 25750 | D:15     | Reached skill level 9 in Armour
 25851 | D:15     | 25851 ||| INVOKING Berserk.
 25863 | D:15     | 25863 ||| READING 5 scrolls of teleportation.
 25866 | D:15     | 25866 ||| EATING 2 beef jerkies.
 25954 | D:15     | 25954 ||| INVOKING Berserk.
 25962 | D:15     | 25962 ||| EATING beef jerky.
 26040 | D:15     | Found a staircase to the Depths.
 26152 | D:15     | 26152 ||| STAIRDANCE
 26164 | D:14     | 26164 ||| READING 2 scrolls of identify.
 26164 | D:14     | 26164 ||| IDENTIFYING sedimented ruby potion
 26195 | D:15     | 26195 ||| EATING slice of pizza.
 26652 | D:13     | 26652 ||| EATING 7 bread rations.
 26978 | Lair:3   | Received a gift from Trog
 26986 | Spider:1 | Entered Level 1 of the Spider Nest
 26987 | Spider:1 | 26987 ||| Entered N.
 27206 | Spider:1 | 27206 ||| INVOKING Brothers in Arms.
 27271 | Spider:1 | 27271 ||| INVOKING Brothers in Arms.
 27340 | Spider:1 | 27340 ||| DRINKING 7 potions of curing.
 27340 | Spider:1 | 27340 ||| (to cure confusion)
 27785 | Spider:1 | Received a gift from Trog
 27790 | Spider:1 | 27790 ||| UPGRADING to runed battleaxe {god gift}.
 27791 | Spider:1 | 27791 ||| UPGRADING to +9 battleaxe of flaming.
 27792 | Spider:1 | 27792 ||| DROPPING +1 antimagic battleaxe.
 28112 | Spider:1 | 28112 ||| READING scroll labeled CLIEDI GHIYTWO.
 28145 | Spider:2 | 28145 ||| INVOKING Berserk.
 28648 | Spider:2 | 28648 ||| INVOKING Brothers in Arms.
 28799 | Spider:2 | Received a gift from Trog
 29016 | Spider:3 | 29016 ||| STAIRDANCE
 29018 | Spider:2 | 29018 ||| INVOKING Brothers in Arms.
 29023 | Spider:3 | 29023 ||| STAIRDANCE
 29025 | Spider:2 | 29025 ||| DRINKING 7 potions of curing.
 29025 | Spider:2 | 29025 ||| (to cure confusion)
 29043 | Spider:3 | 29043 ||| STAIRDANCE
 29074 | Spider:3 | 29074 ||| STAIRDANCE
 29190 | Spider:3 | 29190 ||| INVOKING Brothers in Arms.
 29193 | Spider:3 | 29193 ||| INVOKING Berserk.
 29358 | Spider:3 | Reached skill level 12 in Fighting
 29365 | Spider:3 | Reached skill level 12 in Armour
 29400 | Spider:3 | 29400 ||| INVOKING Brothers in Arms.
 29472 | Spider:3 | 29472 ||| INVOKING Brothers in Arms.
 29475 | Spider:3 | 29475 ||| DRINKING 8 potions of curing.
 29475 | Spider:3 | 29475 ||| (to cure confusion)
 29582 | Spider:3 | Reached XP level 16. HP: 77/101 MP: 16/16
 29729 | Spider:3 | 29729 ||| UPGRADING to encrusted bronze ring.
 29731 | Spider:3 | 29731 ||| REMOVING ring of ice.
 29732 | Spider:3 | 29732 ||| UPGRADING to ring of positive energy.
 29733 | Spider:3 | 29733 ||| UPGRADING to ring of protection from magic.
 29735 | Spider:3 | 29735 ||| READING 3 scrolls of identify.
 29735 | Spider:3 | 29735 ||| IDENTIFYING glowing golden potion
 29758 | Spider:4 | 29758 ||| INVOKING Brothers in Arms.
 29769 | Spider:4 | 29769 ||| INVOKING Brothers in Arms.
 29889 | Spider:4 | Received a gift from Trog
 29894 | Spider:4 | 29894 ||| UPGRADING to glowing battleaxe {god gift}.
 29895 | Spider:4 | 29895 ||| UPGRADING to +9 battleaxe of flaming.
 29896 | Spider:4 | 29896 ||| DROPPING +1 battleaxe of flaming.
 30042 | Spider:4 | Noticed Rupert
 30042 | Spider:4 | 30042 ||| INVOKING Trog's Hand.
 30046 | Spider:4 | 30046 ||| DRINKING 8 potions of curing.
 30046 | Spider:4 | 30046 ||| (to cure confusion)
 30048 | Spider:4 | 30048 ||| INVOKING Berserk.
 30056 | Spider:4 | Killed Rupert
 30126 | Spider:4 | 30126 ||| INVOKING Brothers in Arms.
 30160 | Spider:4 | 30160 ||| INVOKING Brothers in Arms.
 30161 | Spider:4 | 30161 ||| INVOKING Berserk.
 30421 | Spider:5 | Entered Level 5 of the Spider Nest
 30422 | Spider:5 | 30422 ||| STAIRDANCE
 30738 | Spider:5 | 30738 ||| INVOKING Brothers in Arms.
 30748 | Spider:5 | 30748 ||| INVOKING Brothers in Arms.
 30772 | Spider:5 | 30772 ||| INVOKING Berserk.
 30790 | Spider:5 | 30790 ||| DRINKING 7 potions of curing.
 30790 | Spider:5 | 30790 ||| (to cure confusion)
 30810 | Spider:5 | 30810 ||| EATING 2 slices of pizza.
 30811 | Spider:5 | 30811 ||| INVOKING Brothers in Arms.
 30814 | Spider:5 | HP: 13/104 [disintegration (36)]
 30815 | Spider:5 | 30815 ||| ZAPPING wand of heal wounds (7).
 30829 | Spider:5 | 30829 ||| READING 9 scrolls of teleportation.
 30832 | Spider:5 | 30832 ||| EATING slice of pizza.
 30834 | Spider:5 | 30834 ||| INVOKING Brothers in Arms.
 30835 | Spider:5 | 30835 ||| INVOKING Berserk.
 30876 | Spider:5 | 30876 ||| EATING 2 beef jerkies.
 31027 | Spider:5 | Received a gift from Trog
 31040 | Spider:5 | 31040 ||| UPGRADING to runed battleaxe {god gift}.
 31041 | Spider:5 | 31041 ||| UPGRADING to +9 battleaxe of flaming.
 31042 | Spider:5 | 31042 ||| DROPPING +1 battleaxe of venom.
 31067 | Spider:5 | 31067 ||| INVOKING Brothers in Arms.
 31073 | Spider:5 | 31073 ||| INVOKING Berserk.
 31112 | Spider:5 | 31112 ||| READING 8 scrolls of teleportation.
 31116 | Spider:5 | 31116 ||| INVOKING Brothers in Arms.
 31121 | Spider:5 | 31121 ||| EATING beef jerky.
 31194 | Spider:5 | 31194 ||| EATING 10 meat rations.
 31233 | Spider:5 | Got a gossamer rune of Zot
 31780 | Vaults:1 | Entered Level 1 of the Vaults
 31781 | Vaults:1 | 31781 ||| Entered V.
 31781 | Vaults:1 | 31781 ||| STAIRDANCE
 31789 | Vaults:1 | 31789 ||| STAIRDANCE
 31801 | D:14     | Reached XP level 17. HP: 97/112 MP: 17/17
 31812 | Vaults:1 | 31812 ||| STAIRDANCE
 31902 | Vaults:1 | 31902 ||| INVOKING Trog's Hand.
 31937 | Vaults:1 | Reached skill level 15 in Armour
 31947 | Vaults:1 | 31947 ||| INVOKING Berserk.
 31953 | Vaults:1 | Reached skill level 15 in Fighting
 32128 | Vaults:1 | Received a gift from Trog
 32208 | Vaults:1 | 32208 ||| INVOKING Trog's Hand.
 32251 | Vaults:1 | 32251 ||| INVOKING Trog's Hand.
 32348 | Vaults:1 | 32348 ||| INVOKING Trog's Hand.
 32557 | Vaults:1 | 32557 ||| INVOKING Trog's Hand.
 32591 | Vaults:1 | 32591 ||| INVOKING Trog's Hand.
 32621 | Vaults:1 | 32621 ||| READING scroll of acquirement.
 32676 | Vaults:1 | 32676 ||| INVOKING Trog's Hand.
 32786 | Vaults:1 | 32786 ||| INVOKING Trog's Hand.
 32863 | Vaults:1 | 32863 ||| INVOKING Trog's Hand.
 33109 | Vaults:1 | 33109 ||| UPGRADING to pair of embroidered gloves.
 33119 | Vaults:1 | 33119 ||| DROPPING +0 pair of gloves.
 33120 | Vaults:1 | 33120 ||| UPGRADING to ring of positive energy.
 33122 | Vaults:1 | 33122 ||| UPGRADING to ring of protection from magic.
 33124 | Vaults:1 | 33124 ||| READING scroll labeled BEOTSE WICK.
 33147 | Vaults:2 | 33147 ||| STAIRDANCE
 33156 | Vaults:2 | 33156 ||| STAIRDANCE
 33321 | Vaults:2 | Received a gift from Trog
 33337 | Vaults:2 | 33337 ||| INVOKING Trog's Hand.
 33349 | Vaults:2 | 33349 ||| INVOKING Berserk.
 33366 | Vaults:2 | 33366 ||| EATING beef jerky.
 33420 | Vaults:2 | 33420 ||| INVOKING Trog's Hand.
 33536 | Vaults:2 | 33536 ||| INVOKING Berserk.
 33586 | Vaults:2 | Found Baethrat's Weapon Emporium.
 33591 | Vaults:2 | 33591 ||| INVOKING Trog's Hand.
 33837 | Vaults:2 | 33837 ||| INVOKING Trog's Hand.
 33878 | Vaults:2 | Found a staircase to the Crypt.
 33943 | Vaults:2 | Reached XP level 18. HP: 92/122 MP: 18/18
 34164 | Vaults:2 | 34164 ||| INVOKING Trog's Hand.
 34167 | Vaults:2 | 34167 ||| INVOKING Berserk.
 34198 | Vaults:2 | 34198 ||| EATING slice of pizza.
 34443 | Vaults:2 | 34443 ||| INVOKING Trog's Hand.
 34447 | Vaults:2 | 34447 ||| INVOKING Berserk.
 34453 | Vaults:2 | Received a gift from Trog
 34476 | Vaults:2 | 34476 ||| READING 8 scrolls of teleportation.
 34643 | Vaults:2 | 34643 ||| INVOKING Trog's Hand.
 34677 | Vaults:2 | 34677 ||| UPGRADING to glowing battleaxe {god gift}.
 34678 | Vaults:2 | 34678 ||| UPGRADING to +9 battleaxe of flaming.
 34679 | Vaults:2 | 34679 ||| DROPPING +3 antimagic battleaxe.
 34958 | Vaults:3 | 34958 ||| INVOKING Trog's Hand.
 35133 | Vaults:3 | 35133 ||| INVOKING Trog's Hand.
 35188 | Vaults:3 | 35188 ||| INVOKING Trog's Hand.
 35235 | Vaults:3 | 35235 ||| INVOKING Trog's Hand.
 35273 | Vaults:3 | 35273 ||| INVOKING Berserk.
 35292 | Vaults:3 | Received a gift from Trog
 35294 | Vaults:3 | 35294 ||| READING 7 scrolls of teleportation.
 35408 | Vaults:3 | 35408 ||| UPGRADING to glowing battleaxe {god gift}.
 35408 | Vaults:3 | 35408 ||| Eating in order to wield vampiric weapon.
 35408 | Vaults:3 | 35408 ||| EATING beef jerky.
 35409 | Vaults:3 | 35409 ||| Eating in order to wield vampiric weapon.
 35409 | Vaults:3 | 35409 ||| EATING 2 fruits.
 35410 | Vaults:3 | 35410 ||| Eating in order to wield vampiric weapon.
 35410 | Vaults:3 | 35410 ||| EATING fruit.
 35411 | Vaults:3 | 35411 ||| Eating in order to wield vampiric weapon.
 35411 | Vaults:3 | 35411 ||| EATING 10 meat rations.
 35414 | Vaults:3 | 35414 ||| UPGRADING to vampiric battleaxe {god gift}.
 35415 | Vaults:3 | 35415 ||| DROPPING +9 battleaxe of flaming.
 35416 | Vaults:3 | 35416 ||| READING 2 scrolls of enchant weapon.
 35416 | Vaults:3 | 35416 ||| ENCHANTING +5 vampiric battleaxe.
 35417 | Vaults:3 | 35417 ||| READING scroll of enchant weapon.
 35417 | Vaults:3 | 35417 ||| ENCHANTING +6 vampiric battleaxe.
 35569 | Vaults:3 | Noticed Nikola
 35571 | Vaults:3 | 35571 ||| INVOKING Brothers in Arms.
 35573 | Vaults:3 | 35573 ||| INVOKING Berserk.
 35587 | Vaults:3 | Killed Nikola
 35590 | Vaults:3 | Reached skill level 18 in Fighting
 35685 | Vaults:3 | 35685 ||| INVOKING Berserk.
 35689 | Vaults:3 | Reached skill level 18 in Armour
 35973 | Vaults:3 | 35973 ||| INVOKING Berserk.
 36093 | Vaults:3 | Found Smaeschoe's General Store.
 36174 | Vaults:3 | 36174 ||| INVOKING Trog's Hand.
 36194 | Vaults:3 | 36194 ||| INVOKING Trog's Hand.
 36254 | Vaults:3 | Received a gift from Trog
 36392 | Vaults:3 | 36392 ||| UPGRADING to glowing cloak.
 36405 | Vaults:3 | 36405 ||| DROPPING +0 cloak.
 36510 | Vaults:4 | Reached XP level 19. HP: 129/131 MP: 18/18
 36534 | Vaults:4 | 36534 ||| INVOKING Trog's Hand.
 36740 | Vaults:4 | 36740 ||| INVOKING Berserk.
 36755 | Vaults:4 | 36755 ||| EATING 10 meat rations.
 36848 | Vaults:4 | Found Chuihuc's Food Emporium.
 36907 | Vaults:4 | 36907 ||| INVOKING Berserk.
 36922 | Vaults:4 | 36922 ||| READING 6 scrolls of teleportation.
 37010 | Vaults:4 | 37010 ||| INVOKING Berserk.
 37138 | Vaults:4 | 37138 ||| INVOKING Berserk.
 37147 | Vaults:4 | 37147 ||| EATING slice of pizza.
 37223 | Vaults:4 | 37223 ||| INVOKING Trog's Hand.
 37266 | Vaults:4 | Received a gift from Trog
 37362 | Vaults:4 | 37362 ||| INVOKING Berserk.
 37439 | Vaults:4 | 37439 ||| INVOKING Berserk.
 37464 | Vaults:4 | 37464 ||| READING 5 scrolls of teleportation.
 37469 | Vaults:4 | 37469 ||| EATING 10 bread rations.
 37474 | Vaults:4 | 37474 ||| READING 4 scrolls of teleportation.
 37480 | Vaults:4 | 37480 ||| INVOKING Trog's Hand.
 37560 | Vaults:4 | 37560 ||| INVOKING Berserk.
 37971 | Vaults:4 | 37971 ||| INVOKING Brothers in Arms.
 37972 | Vaults:4 | 37972 ||| INVOKING Berserk.
 38010 | Vaults:4 | HP: 30/133 [deep troll[an ironheart preserver] (6)]
 38011 | Vaults:4 | 38011 ||| ZAPPING wand of heal wounds (6).
 38013 | Vaults:4 | 38013 ||| EATING beef jerky.
 38117 | Vaults:4 | Received a gift from Trog
 38204 | Vaults:4 | 38204 ||| UPGRADING to runed chain mail.
 38214 | Vaults:4 | 38214 ||| UPGRADING to +1 plate armour of fire resistance.
 38224 | Vaults:4 | 38224 ||| DROPPING +0 chain mail of poison resistance.
 38542 | D:12     | 38542 ||| EATING 9 bread rations.
 38618 | Lair:1   | 38618 ||| STAIRDANCE
 38626 | Lair:1   | 38626 ||| STAIRDANCE
 38631 | Lair:1   | 38631 ||| STAIRDANCE
 38774 | Swamp:1  | Entered Level 1 of the Swamp
 38775 | Swamp:1  | 38775 ||| Entered S.
 38902 | Swamp:1  | Noticed Josephine
 38906 | Swamp:1  | Killed Josephine
 39002 | Swamp:1  | 39002 ||| INVOKING Berserk.
 39173 | Swamp:1  | 39173 ||| Stepping ~*~*~tactically~*~*~ (cloud).
 39220 | Swamp:1  | 39220 ||| READING scroll of enchant weapon.
 39220 | Swamp:1  | 39220 ||| ENCHANTING +7 vampiric battleaxe.
 39401 | Swamp:1  | 39401 ||| UPGRADING to glowing cloak.
 39411 | Swamp:1  | 39411 ||| DROPPING +1 cloak.
 39412 | Swamp:1  | 39412 ||| READING scroll labeled ZUISOON DONTU.
 39435 | Swamp:2  | Reached XP level 20. HP: 140/140 MP: 19/19
 39455 | Swamp:2  | Received a gift from Trog
 39488 | Swamp:2  | Found a shimmering altar of Xom.
 39574 | Swamp:2  | 39574 ||| Stepping randomly (disturbance).
 39575 | Swamp:2  | 39575 ||| Stepping randomly (disturbance).
 39577 | Swamp:2  | 39577 ||| Stepping randomly (disturbance).
 39579 | Swamp:2  | 39579 ||| Stepping randomly (disturbance).
 39606 | Swamp:2  | 39606 ||| Stepping randomly (disturbance).
 39607 | Swamp:2  | 39607 ||| Stepping randomly (disturbance).
 39728 | Swamp:2  | Noticed Roxanne
 39729 | Swamp:2  | 39729 ||| INVOKING Brothers in Arms.
 39732 | Swamp:2  | 39732 ||| INVOKING Berserk.
 39738 | Swamp:2  | Killed Roxanne
 39739 | Swamp:2  | 39739 ||| EATING beef jerky.
 39802 | Swamp:2  | 39802 ||| Stepping randomly (disturbance).
 39803 | Swamp:2  | 39803 ||| Stepping randomly (disturbance).
 39970 | Swamp:2  | 39970 ||| Stepping randomly (disturbance).
 40114 | Swamp:3  | 40114 ||| STAIRDANCE
 40123 | Swamp:3  | 40123 ||| STAIRDANCE
 40156 | Swamp:3  | 40156 ||| Stepping ~*~*~tactically~*~*~ (cloud).
 40251 | Swamp:3  | 40251 ||| Stepping randomly (disturbance).
 40380 | Swamp:3  | 40380 ||| Stepping randomly (disturbance).
 40511 | Swamp:3  | 40511 ||| Stepping ~*~*~tactically~*~*~ (cloud).
 40545 | Swamp:3  | 40545 ||| Stepping ~*~*~tactically~*~*~ (cloud).
 40704 | Swamp:3  | 40704 ||| EATING 8 bread rations.
 40753 | Swamp:3  | Received a gift from Trog
 41203 | Swamp:3  | 41203 ||| UPGRADING to ring of positive energy.
 41205 | Swamp:3  | 41205 ||| UPGRADING to ring of protection from magic.
 41314 | Swamp:4  | 41314 ||| Stepping randomly (disturbance).
 41530 | Swamp:4  | 41530 ||| READING scroll of enchant armour.
 41530 | Swamp:4  | 41530 ||| ENCHANTING +1 plate armour of fire resistance.
 42140 | Swamp:5  | Entered Level 5 of the Swamp
 42149 | Swamp:5  | Noticed SaintRoka's ghost (mighty HEBe)
 42150 | Swamp:5  | 42150 ||| INVOKING Brothers in Arms.
 42152 | Swamp:5  | 42152 ||| INVOKING Berserk.
 42161 | Swamp:5  | Killed SaintRoka's ghost
 42166 | Swamp:5  | 42166 ||| Stepping ~*~*~tactically~*~*~ (water).
 42171 | Swamp:5  | 42171 ||| Stepping ~*~*~tactically~*~*~ (water).
 42207 | Swamp:5  | 42207 ||| INVOKING Fly.
 42207 | Swamp:5  | 42207 ||| FLYING.
 42251 | Swamp:5  | 42251 ||| INVOKING Berserk.
 42284 | Swamp:5  | 42284 ||| Stepping ~*~*~tactically~*~*~ (water).
 42292 | Swamp:5  | 42292 ||| Stepping ~*~*~tactically~*~*~ (water).
 42303 | Swamp:5  | 42303 ||| EATING slice of pizza.
 42319 | Swamp:5  | Received a gift from Trog
 42343 | Swamp:5  | 42343 ||| INVOKING Fly.
 42343 | Swamp:5  | 42343 ||| FLYING.
 42520 | Swamp:5  | 42520 ||| INVOKING Berserk.
 42522 | Swamp:5  | HP: 48/213 [bog body] (7)]
 42530 | Swamp:5  | 42530 ||| EATING 15 meat rations.
 42669 | Swamp:5  | 42669 ||| READING scroll of enchant weapon.
 42669 | Swamp:5  | 42669 ||| ENCHANTING +8 vampiric battleaxe.
 42876 | Swamp:5  | Got a decaying rune of Zot
 42890 | Swamp:5  | 42890 ||| Stepping randomly (disturbance).
 42891 | Swamp:5  | 42891 ||| Stepping randomly (disturbance).
 43411 | Depths:1 | Entered Level 1 of the Depths
 43412 | Depths:1 | 43412 ||| Entered U.
 43412 | Depths:1 | 43412 ||| STAIRDANCE
 43423 | Depths:1 | 43423 ||| STAIRDANCE
 43431 | D:15     | Reached XP level 21. HP: 122/147 MP: 20/20
 43442 | Depths:1 | 43442 ||| STAIRDANCE
 43450 | D:15     | 43450 ||| INVOKING Berserk.
 43458 | D:15     | 43458 ||| EATING 14 meat rations.
 43619 | Depths:1 | 43619 ||| INVOKING Brothers in Arms.
 43754 | Depths:1 | 43754 ||| INVOKING Trog's Hand.
 43755 | Depths:1 | 43755 ||| INVOKING Brothers in Arms.
 43757 | Depths:1 | 43757 ||| INVOKING Berserk.
 43759 | Depths:1 | Reached skill level 21 in Armour
 43817 | Depths:1 | Found a gateway to a ziggurat.
 43822 | Depths:1 | 43822 ||| INVOKING Trog's Hand.
 43833 | Depths:1 | Reached skill level 21 in Fighting
 43844 | Depths:1 | Received a gift from Trog
 43916 | Depths:1 | Reached skill level 21 in Axes
 43924 | Depths:1 | 43924 ||| INVOKING Berserk.
 43957 | Depths:1 | 43957 ||| EATING 13 meat rations.
 44434 | Depths:1 | Found a gateway to Hell.
 44642 | Depths:1 | 44642 ||| UPGRADING to shiny plate armour.
 44774 | Depths:2 | Noticed Agnes
 44792 | Depths:2 | Killed Agnes
 44832 | Depths:2 | Received a gift from Trog
 45107 | Depths:2 | Noticed a caustic shrike
 45108 | Depths:2 | 45108 ||| INVOKING Brothers in Arms.
 45110 | Depths:2 | 45110 ||| INVOKING Berserk.
 45115 | Depths:2 | Killed a caustic shrike
 45120 | Depths:2 | 45120 ||| EATING 12 meat rations.
 45157 | Depths:2 | 45157 ||| INVOKING Trog's Hand.
 45194 | Depths:2 | 45194 ||| Stepping ~*~*~tactically~*~*~ (cloud).
 45220 | Depths:2 | Noticed a golden dragon
 45228 | Depths:2 | Killed a golden dragon
 45281 | Depths:2 | 45281 ||| INVOKING Berserk.
 45515 | Depths:2 | 45515 ||| INVOKING Brothers in Arms.
 45517 | Depths:2 | Found a one-way gate to the infinite horrors of the Abyss.
 45517 | Depths:2 | Noticed the Enchantress
 45518 | Depths:2 | 45518 ||| INVOKING Trog's Hand.
 45522 | Depths:2 | 45522 ||| INVOKING Brothers in Arms.
 45525 | Depths:2 | 45525 ||| INVOKING Berserk.
 45531 | Depths:2 | Reached XP level 22. HP: 155/155 MP: 20/20
 45539 | Depths:2 | Cast into the Abyss (the Enchantress)
 45680 | Abyss:1  | 45680 ||| EATING beef jerky.
 45958 | Abyss:1  | 45958 ||| DRINKING 2 potions of cure mutation.
 45982 | Depths:2 | Escaped the Abyss
 45983 | Depths:2 | 45983 ||| INVOKING Trog's Hand.
 45984 | Depths:2 | 45984 ||| INVOKING Brothers in Arms.
 45987 | Depths:2 | 45987 ||| EATING 12 meat rations.
 45990 | Depths:2 | 45990 ||| INVOKING Brothers in Arms.
 45992 | Depths:2 | 45992 ||| INVOKING Berserk.
 46032 | Depths:2 | 46032 ||| DRINKING potion of cure mutation.
 46050 | Depths:2 | 46050 ||| INVOKING Trog's Hand.
 46051 | Depths:2 | 46051 ||| INVOKING Brothers in Arms.
 46052 | Depths:2 | 46052 ||| INVOKING Berserk.
 46066 | Depths:2 | Cast into the Abyss (the Enchantress)
 46208 | Abyss:1  | 46208 ||| INVOKING Trog's Hand.
 46223 | Abyss:1  | Gained mutation: You are frail (-10% HP). [a neqoxec]
 46228 | Abyss:1  | Gained mutation: Armour fits poorly on your strangely shaped body. [a neqoxec]
 46360 | Abyss:1  | Found a shadowy altar of Dithmenos.
 46365 | Abyss:1  | Paralysed by accursed screaming for 1 turns
 46399 | Depths:2 | Escaped the Abyss
 46400 | Depths:2 | 46400 ||| INVOKING Trog's Hand.
 46401 | Depths:2 | 46401 ||| INVOKING Brothers in Arms.
 46406 | Depths:2 | 46406 ||| INVOKING Berserk.
 46419 | Depths:2 | 46419 ||| READING 7 scrolls of teleportation.
 46423 | Depths:2 | 46423 ||| EATING beef jerky.
 46593 | Depths:2 | 46593 ||| EATING 11 meat rations.
 46726 | Depths:2 | 46726 ||| INVOKING Trog's Hand.
 46727 | Depths:2 | 46727 ||| INVOKING Brothers in Arms.
 46729 | Depths:2 | 46729 ||| INVOKING Berserk.
 46866 | Depths:2 | Found a one-way gate leading to the halls of Pandemonium.
 47663 | Depths:2 | 47663 ||| UPGRADING to encrusted granite ring.
 47665 | Depths:2 | 47665 ||| REMOVING ring of fire.
 47666 | Depths:2 | 47666 ||| UPGRADING to ring of positive energy.
 47667 | Depths:2 | 47667 ||| UPGRADING to ring of protection from magic.
 47686 | Depths:3 | Reached skill level 22 in Armour
 48125 | Depths:3 | 48125 ||| INVOKING Trog's Hand.
 48127 | Depths:3 | Found a snail-covered altar of Cheibriados.
 48341 | Depths:3 | 48341 ||| INVOKING Berserk.
 48387 | Depths:3 | 48387 ||| EATING slice of pizza.
 48407 | Depths:3 | 48407 ||| INVOKING Trog's Hand.
 48618 | Depths:3 | Received a gift from Trog
 49011 | Depths:3 | 49011 ||| INVOKING Brothers in Arms.
 49038 | Depths:4 | 49038 ||| STAIRDANCE
 49048 | Depths:3 | 49048 ||| EATING slice of pizza.
 49053 | Depths:4 | 49053 ||| STAIRDANCE
 49060 | Depths:4 | 49060 ||| STAIRDANCE
 49067 | Depths:4 | 49067 ||| STAIRDANCE
 49322 | Depths:4 | 49322 ||| INVOKING Trog's Hand.
 49335 | Depths:4 | Noticed a caustic shrike
 49335 | Depths:4 | an acid blob changed into a caustic shrike
 49337 | Depths:4 | a caustic shrike changed into an acid blob
 49341 | Depths:4 | Noticed a caustic shrike
 49341 | Depths:4 | an acid blob changed into a caustic shrike
 49348 | Depths:4 | Killed a caustic shrike
 49349 | Depths:4 | Noticed a caustic shrike
 49349 | Depths:4 | a shadow dragon changed into a caustic shrike
 49352 | Depths:4 | a caustic shrike changed into a shadow dragon
 49353 | Depths:4 | Reached XP level 23. HP: 120/146 MP: 21/21
 49387 | Depths:4 | 49387 ||| EATING 2 fruits.
 49458 | Depths:4 | 49458 ||| INVOKING Brothers in Arms.
 49462 | Depths:4 | 49462 ||| INVOKING Berserk.
 49472 | Depths:4 | 49472 ||| EATING fruit.
 49476 | Depths:4 | 49476 ||| EATING 10 meat rations.
 49685 | Depths:4 | 49685 ||| INVOKING Brothers in Arms.
 49689 | Depths:4 | 49689 ||| INVOKING Berserk.
 49808 | Depths:4 | 49808 ||| INVOKING Brothers in Arms.
 49814 | Depths:4 | 49814 ||| INVOKING Berserk.
 49938 | Depths:4 | 49938 ||| DRINKING potion of cure mutation.
 49938 | Depths:4 | Lost mutation: You are frail (-10% HP). [potion of cure mutation]
 49938 | Depths:4 | Lost mutation: Armour fits poorly on your strangely shaped body. [potion of cure mutation]
 49961 | Depths:4 | 49961 ||| INVOKING Brothers in Arms.
 49971 | Depths:4 | 49971 ||| EATING 9 meat rations.
 50258 | Depths:4 | 50258 ||| UPGRADING to notched wooden ring.
 50260 | Depths:4 | 50260 ||| READING 20 scrolls of remove curse.
 50261 | Depths:4 | 50261 ||| REMOVING -3 ring of slaying {mikee}.
 50262 | Depths:4 | 50262 ||| DROPPING -3 ring of slaying {mikee}.
 50263 | Depths:4 | 50263 ||| UPGRADING to ring of positive energy.
 50264 | Depths:4 | 50264 ||| UPGRADING to marble ring.
 50266 | Depths:4 | 50266 ||| READING 19 scrolls of remove curse.
 50267 | Depths:4 | 50267 ||| REMOVING ring of loudness.
 50268 | Depths:4 | 50268 ||| UPGRADING to ring of protection from magic.
 50269 | Depths:4 | 50269 ||| DROPPING ring of loudness.
 50290 | Depths:5 | Entered Level 5 of the Depths
 50298 | Depths:5 | Found Doit's Jewellery Emporium.
 50384 | Depths:5 | 50384 ||| INVOKING Trog's Hand.
 50478 | Depths:5 | Found a bloodstained altar of Trog.
 50880 | Orc:4    | Entered Level 4 of the Orcish Mines
 51012 | Orc:4    | Noticed Erolcha
 51013 | Orc:4    | 51013 ||| INVOKING Trog's Hand.
 51014 | Orc:4    | 51014 ||| INVOKING Brothers in Arms.
 51015 | Orc:4    | 51015 ||| INVOKING Brothers in Arms.
 51016 | Orc:4    | 51016 ||| INVOKING Berserk.
 51018 | Orc:4    | Killed Erolcha
 51023 | Orc:4    | 51023 ||| EATING 8 meat rations.
 51084 | Orc:4    | Noticed Saint Roka
 51095 | Orc:4    | Found a roughly hewn altar of Beogh.
 51116 | Orc:4    | Killed Saint Roka
 51163 | Orc:4    | Found Giovaang's Book Shoppe.
 51221 | Orc:4    | Received a gift from Trog
 51356 | Orc:4    | Found a roughly hewn altar of Beogh.
 51501 | Orc:4    | Noticed Sonja
 51502 | Orc:4    | 51502 ||| INVOKING Brothers in Arms.
 51509 | Orc:4    | 51509 ||| INVOKING Berserk.
 51513 | Orc:4    | Killed Sonja
 51704 | Orc:4    | Found Wiuphul's Antique Armour Shoppe.
 51725 | Orc:4    | Found Zioma's Antique Weapon Shoppe.
 51831 | Orc:4    | Found Gajum's General Store.
 51970 | Orc:4    | Bought a glowing helmet for 103 gold pieces
 52038 | Orc:4    | 52038 ||| DROPPING +0 helmet.
 52355 | Depths:5 | Found a gate to the Realm of Zot.
 52403 | Depths:5 | Reached skill level 23 in Armour
 52420 | Depths:5 | 52420 ||| INVOKING Berserk.
 52689 | Depths:5 | 52689 ||| INVOKING Brothers in Arms.
 52691 | Depths:5 | 52691 ||| INVOKING Trog's Hand.
 52692 | Depths:5 | 52692 ||| INVOKING Brothers in Arms.
 52694 | Depths:5 | 52694 ||| INVOKING Berserk.
 52720 | Depths:5 | HP: 47/246 [iron troll (24)]
 52725 | Depths:5 | HP: 35/246 [iron troll (24)]
 53329 | Depths:5 | 53329 ||| UPGRADING to embroidered cloak.
 53339 | Depths:5 | 53339 ||| DROPPING +1 cloak.
 53340 | Depths:5 | 53340 ||| UPGRADING to runed cloak.
 53350 | Depths:5 | 53350 ||| UPGRADING to +2 cloak.
 53360 | Depths:5 | 53360 ||| DROPPING +1 cloak of invisibility.
 53787 | Vaults:2 | 53787 ||| DROPPING 2 poisoned javelins.
 53790 | Vaults:2 | 53790 ||| EATING 7 meat rations.
 53844 | Vaults:5 | Entered Level 5 of the Vaults
 53846 | Vaults:5 | 53846 ||| STAIRDANCE
 53854 | Vaults:4 | Received a gift from Trog
 53873 | Vaults:5 | 53873 ||| STAIRDANCE
 53881 | Vaults:4 | Reached XP level 24. HP: 171/171 MP: 21/21
 53900 | Vaults:5 | 53900 ||| STAIRDANCE
 53930 | Vaults:5 | 53930 ||| STAIRDANCE
 53953 | Vaults:5 | 53953 ||| STAIRDANCE
 53978 | Vaults:5 | 53978 ||| STAIRDANCE
 53987 | Vaults:5 | 53987 ||| INVOKING Trog's Hand.
 53989 | Vaults:5 | 53989 ||| INVOKING Berserk.
 54027 | Vaults:5 | 54027 ||| READING 7 scrolls of teleportation.
 54037 | Vaults:5 | 54037 ||| INVOKING Trog's Hand.
 54038 | Vaults:5 | 54038 ||| READING 6 scrolls of teleportation.
 54060 | Vaults:5 | 54060 ||| INVOKING Brothers in Arms.
 54064 | Vaults:5 | 54064 ||| INVOKING Brothers in Arms.
 54069 | Vaults:5 | 54069 ||| INVOKING Berserk.
 54316 | Vaults:5 | Received a gift from Trog
 54323 | Vaults:5 | 54323 ||| INVOKING Trog's Hand.
 54492 | Vaults:5 | Found Tiutor's Magic Scroll Emporium.
 54525 | Vaults:5 | Got a pair of spiked gloves
 54701 | Vaults:5 | Noticed an ancient lich
 54718 | Vaults:5 | Killed an ancient lich
 54718 | Vaults:5 | Reached XP level 25. HP: 178/178 MP: 22/22
 54827 | Vaults:5 | Got a translucent ice dragon armour
 54916 | Vaults:5 | Reached skill level 24 in Armour
 54920 | Vaults:5 | Reached skill level 24 in Fighting
 55051 | Vaults:5 | Got a coiled iron ring
 55056 | Vaults:5 | Got a silver rune of Zot
 55187 | Vaults:5 | 55187 ||| INVOKING Trog's Hand.
 55201 | Vaults:5 | Reached skill level 24 in Axes
 55270 | Vaults:5 | 55270 ||| INVOKING Berserk.
 55395 | Vaults:5 | Received a gift from Trog
 55646 | Vaults:5 | 55646 ||| UPGRADING to pair of spiked gloves.
 55656 | Vaults:5 | Identified the +1 pair of gloves of Fortification {rC++ Int-3} (You found it on level 5 of the Vaults)
 55656 | Vaults:5 | 55656 ||| UPGRADING to runed cloak.
 55666 | Vaults:5 | 55666 ||| UPGRADING to +2 cloak.
 55676 | Vaults:5 | 55676 ||| DROPPING +0 cloak of poison resistance.
 55677 | Vaults:5 | 55677 ||| UPGRADING to translucent ice dragon armour.
 55687 | Vaults:5 | Identified the +6 ice dragon armour of Oceodux {rPois rF- rC++ Str-5 Stlth+} (You found it on level 5 of the Vaults)
 55687 | Vaults:5 | 55687 ||| UPGRADING to +4 plate armour of fire resistance.
 55697 | Vaults:5 | 55697 ||| UPGRADING to glowing hat.
 55707 | Vaults:5 | 55707 ||| UPGRADING to +2 helmet of intelligence.
 55717 | Vaults:5 | 55717 ||| DROPPING +1 hat.
 55718 | Vaults:5 | 55718 ||| UPGRADING to opal ring.
 55720 | Vaults:5 | 55720 ||| READING 18 scrolls of remove curse.
 55721 | Vaults:5 | 55721 ||| REMOVING -3 ring of evasion.
 55722 | Vaults:5 | 55722 ||| UPGRADING to ring of positive energy.
 55723 | Vaults:5 | 55723 ||| DROPPING -3 ring of evasion.
 55724 | Vaults:5 | 55724 ||| UPGRADING to coiled iron ring.
 55725 | Vaults:5 | Identified the cursed ring "Sucveub" {Contam rPois Str-3 Int+4} (You found it on level 5 of the Vaults)
 55726 | Vaults:5 | 55726 ||| READING 17 scrolls of remove curse.
 55727 | Vaults:5 | 55727 ||| REMOVING ring "Sucveub" {Contam rPois Str-3 Int+4}.
 55732 | Vaults:5 | 55732 ||| UPGRADING to ring of protection from magic.
 55733 | Vaults:5 | 55733 ||| DROPPING ring "Sucveub" {Contam rPois Str-3 Int+4}.
 55923 | D:14     | 55923 ||| EATING 2 fruits.
 56182 | Zot:1    | Entered Level 1 of the Realm of Zot
 56183 | Zot:1    | 56183 ||| Entered Z.
 56398 | Zot:1    | 56398 ||| EATING fruit.
 56632 | Zot:1    | 56632 ||| EATING beef jerky.
 56958 | Zot:1    | Received a gift from Trog
 57236 | Zot:1    | 57236 ||| UPGRADING to glowing cloak.
 57246 | Zot:1    | 57246 ||| DROPPING +2 cloak.
 57247 | Zot:1    | 57247 ||| READING 20 scrolls of identify.
 57247 | Zot:1    | 57247 ||| IDENTIFYING wand of heal wounds
 57248 | Zot:1    | 57248 ||| READING 4 scrolls of recharging.
 57248 | Zot:1    | 57248 ||| RECHARGING wand of heal wounds (3).
 57447 | Zot:2    | 57447 ||| EATING 10 bread rations.
 57591 | Zot:2    | 57591 ||| INVOKING Berserk.
 58135 | Zot:2    | 58135 ||| UPGRADING to runed cloak.
 58145 | Zot:2    | 58145 ||| UPGRADING to ring of fire.
 58343 | Zot:3    | 58343 ||| EATING 9 bread rations.
 58487 | Zot:3    | 58487 ||| INVOKING Berserk.
 58808 | Zot:3    | Received a gift from Trog
 58973 | Zot:3    | 58973 ||| UPGRADING to glowing cloak.
 58983 | Zot:3    | 58983 ||| DROPPING +2 cloak.
 58984 | Zot:3    | 58984 ||| UPGRADING to twisted garnet ring.
 58986 | Zot:3    | 58986 ||| READING 17 scrolls of remove curse.
 58987 | Zot:3    | 58987 ||| REMOVING -3 ring of strength.
 58988 | Zot:3    | 58988 ||| UPGRADING to ring of positive energy.
 58989 | Zot:3    | 58989 ||| UPGRADING to ring of protection from magic.
 58991 | Zot:3    | 58991 ||| UPGRADING to ring of fire.
 58993 | Zot:3    | 58993 ||| DROPPING -3 ring of strength.
 59098 | Zot:3    | Reached XP level 26. HP: 186/186 MP: 22/22
 59165 | Zot:4    | Got a steaming helmet
 59177 | Zot:4    | Identified the +1 helmet of Analysis {Str-5 Dex+3 SInv} (You found it on level 4 of the Realm of Zot)
 59215 | Zot:4    | 59215 ||| INVOKING Berserk.
 59331 | Zot:4    | Got a slimy plate armour
 59348 | Zot:4    | 59348 ||| INVOKING Berserk.
 59390 | Zot:4    | 59390 ||| EATING 9 bread rations.
 59639 | Zot:4    | 59639 ||| UPGRADING to slimy plate armour.
 59649 | Zot:4    | Identified the cursed -3 plate armour of Schanu {Contam rN+ Str+4 Int+2 Dex-5} (You found it on level 4 of the Realm of Zot)
 59649 | Zot:4    | 59649 ||| READING 17 scrolls of remove curse.
 59650 | Zot:4    | 59650 ||| UPGRADING to +4 plate armour of fire resistance.
 59660 | Zot:4    | 59660 ||| DROPPING -3 plate armour of Schanu {Contam rN+ Str+4 Int+2 Dex-5}.
 59704 | Zot:5    | Entered Level 5 of the Realm of Zot
 59713 | Zot:5    | 59713 ||| EATING 8 bread rations.
 59717 | Zot:5    | Gained mutation: You have difficulty communicating with the divine. [mutagenic glow]
 59718 | Zot:5    | 59718 ||| DRINKING potion of cure mutation.
 59718 | Zot:5    | Lost mutation: You have difficulty communicating with the divine. [potion of cure mutation]
 59828 | Zot:5    | 59828 ||| INVOKING Berserk.
 59837 | Zot:5    | Reached skill level 25 in Armour
 59838 | Zot:5    | 59838 ||| EATING 7 bread rations.
 60066 | Depths:5 | Bought the ring "Lunank" {rF+ rN+ Int+6} for 1024 gold pieces
 60220 | Depths:4 | Voluntarily entered the Abyss.
 60485 | Abyss:2  | Found a corrupted altar of Lugonu.
 60537 | Abyss:2  | Found a sparkling altar of Nemelex Xobeh.
 60599 | Abyss:2  | Gained mutation: You are frail (-10% HP). [a cacodemon]
 60660 | Abyss:3  | Received a gift from Trog
 60778 | Abyss:3  | Found a corrupted altar of Lugonu.
 60821 | Abyss:3  | Found a snail-covered altar of Cheibriados.
 60878 | Abyss:3  | Found a bloodstained altar of Trog.
 60886 | Abyss:3  | Noticed an ancient lich
 60905 | Abyss:3  | Killed an ancient lich
 60996 | Abyss:3  | Got an abyssal rune of Zot
 61361 | Abyss:3  | Paralysed by accursed screaming for 1 turns
 61921 | Abyss:3  | Gained mutation: Your magical capacity is low (-10% MP). [a neqoxec]
 61998 | Abyss:3  | Gained mutation: Your magical capacity is very low (-20% MP). [mutagenic glow]
 62153 | Abyss:3  | Reached skill level 26 in Axes
 62324 | Abyss:3  | Received a gift from Trog
 62456 | Depths:4 | Escaped the Abyss
 63027 | D:12     | Bought an uncursed amulet of resist corrosion for 220 gold pieces
 63494 | Slime:1  | Entered Level 1 of the Pits of Slime
 63687 | Slime:2  | Reached XP level 27. HP: 166/173 MP: 18/18
 63872 | Slime:3  | Gained mutation: You are weak. (Str -2) [a shining eye]
 65135 | Slime:2  | Gained mutation: Your magical capacity is extremely low (-30% MP). [a shining eye]
 65141 | Slime:2  | Received a gift from Trog
 66949 | Slime:5  | Gained mutation: Your spells are a little easier to cast, but a little less powerful. [a shining eye]
 67161 | Slime:5  | Reached skill level 27 in Axes
 67162 | Slime:5  | Paralysed by a great orb of eyes for 6 turns
 67453 | Slime:6  | Entered Level 6 of the Pits of Slime
 67508 | Slime:6  | Received a gift from Trog
 67565 | Slime:6  | Gained mutation: You tend to lose your temper in combat. [a shining eye]
 67566 | Slime:6  | Gained mutation: You are dopey. (Int -2) [a shining eye]
 68180 | Slime:2  | Lost mutation: Your magical capacity is extremely low (-30% MP). [a shining eye]
 68274 | Slime:6  | Noticed the royal jelly
 68286 | Slime:6  | Killed the royal jelly
 68390 | Slime:6  | Got a slimy rune of Zot
 68469 | Slime:6  | Got a translucent pewter ring
 68661 | Slime:6  | Identified the ring "Piny" {rN+ Slay+2 Stlth-} (You found it on level 6 of the Pits of Slime)
 68805 | Lair:7   | Lost mutation: Your spells are a little easier to cast, but a little less powerful. [potion of cure mutation]
 68805 | Lair:7   | Lost mutation: You are dopey. (Int -2) [potion of cure mutation]
 68805 | Lair:7   | Lost mutation: You are frail (-10% HP). [potion of cure mutation]
 68805 | Lair:7   | Lost mutation: Your magical capacity is very low (-20% MP). [potion of cure mutation]
 68805 | Lair:7   | Lost mutation: Your magical capacity is low (-10% MP). [potion of cure mutation]
 68806 | Lair:7   | Lost mutation: You are weak. (Str -2) [potion of cure mutation]
 68806 | Lair:7   | Lost mutation: You tend to lose your temper in combat. [potion of cure mutation]
 69263 | Temple   | Entered the Ecumenical Temple
 69380 | Temple   | Fell from the grace of Trog
 69380 | Temple   | Became a worshipper of the Shining One
 69911 | Crypt:1  | Entered Level 1 of the Crypt
 70014 | Crypt:1  | Acquired the Shining One's first power
 70016 | Crypt:1  | HP: 35/194 [hill giant/giant club[the rage of Trog] (23)]
 70021 | Crypt:1  | HP: 29/194 [polar bear[the rage of Trog] (6)]
 70029 | Crypt:1  | HP: 25/194 [polar bear[the rage of Trog] (9)]
 70034 | Crypt:1  | HP: 26/194 [black bear[the rage of Trog] (2)]
 70505 | Crypt:1  | Got a translucent emerald amulet
 70543 | Crypt:1  | Acquired the Shining One's second power
 70702 | Crypt:1  | HP: 40/195 [stone giant[the rage of Trog] (30)]
 71339 | Crypt:1  | Acquired the Shining One's third power
 71576 | Crypt:2  | Noticed Khufu
 71595 | Crypt:2  | HP: 42/195 [???[Khufu] (8)]
 71597 | Crypt:2  | Killed Khufu
 71603 | Crypt:2  | HP: 44/195 [death scarab[Khufu] (8)]
 71608 | Crypt:2  | HP: 37/195 [death scarab[Khufu] (2)]
 71613 | Crypt:2  | HP: 27/195 [greater mummy[Khufu] (12)]
 71614 | Crypt:2  | Reached skill level 26 in Fighting
 71862 | Crypt:2  | Reached skill level 26 in Armour
 72128 | Crypt:2  | Acquired the Shining One's fourth power
 72427 | Crypt:3  | Entered Level 3 of the Crypt
 73332 | Temple   | Identified a +9 executioner's axe of holy wrath (a +9 antimagic executioner's axe blessed by the Shining One)
 73964 | Crypt:3  | Identified the amulet of Immorality {Clar -Tele MP+9 Str+2 Stlth+} (You found it on level 1 of the Crypt)
 74116 | Crypt:3  | Found an iron altar of Okawaru.
 74116 | Crypt:3  | Noticed an ancient lich
 74125 | Crypt:3  | Killed an ancient lich
 74345 | Crypt:3  | HP: 31/196 [stone giant[the rage of Trog] (37)]
 74712 | Crypt:3  | Got a distressingly furry chain mail
 74751 | Crypt:3  | HP: 37/197 [polar bear[the rage of Trog] (14)]
 74751 | Crypt:3  | HP: 17/197 [deep troll[the rage of Trog] (20)]
 75141 | Crypt:3  | Found a staircase to the Tomb.
 75160 | Crypt:3  | HP: 15/197 [stone giant[the rage of Trog] (36)]
 75161 | Crypt:3  | Mangled by a stone giant

Action                   |  1- 3 |  4- 6 |  7- 9 | 10-12 | 13-15 | 16-18 | 19-21 | 22-24 | 25-27 || total
-------------------------+-------+-------+-------+-------+-------+-------+-------+-------+-------++-------
Melee: Hand axe          |   118 |   212 |       |       |       |       |       |       |       ||   330
       War axe           |       |    18 |    66 |       |       |       |       |       |       ||    84
       Battleaxe         |       |       |   200 |   513 |  1285 |  1053 |  1758 |  1589 |  1901 ||  8299
       Executioner's axe |       |       |       |       |       |       |       |       |   631 ||   631
Throw: Javelin           |       |    21 |    18 |   101 |       |    56 |    19 |       |       ||   215
       Tomahawk          |       |       |   168 |    76 |   225 |       |       |       |       ||   469
Invok: Berserk           |       |     2 |    13 |    22 |    18 |    14 |    19 |    14 |     7 ||   109
       Brothers in Arms  |       |       |       |     6 |    15 |    11 |     8 |    16 |       ||    56
       Trog's Hand       |       |       |       |     3 |     1 |    23 |     7 |    14 |     3 ||    51
 Abil: Fly               |       |       |       |       |     1 |       |     2 |       |       ||     3
Evoke: Wand              |       |       |       |       |     1 |     1 |     1 |       |     4 ||     7
  Use: Scroll            |     4 |     8 |    10 |     7 |    19 |     9 |     7 |     5 |    16 ||    85
       Potion            |       |     1 |     4 |     1 |     4 |     2 |       |     3 |    13 ||    28
 Stab: Petrifying        |       |       |       |       |     1 |       |       |       |       ||     1
       Distracted        |       |       |       |       |       |     2 |       |     2 |     1 ||     5
       Confused          |       |       |       |       |       |       |       |       |     2 ||     2
       Paralysed         |       |       |       |       |       |       |       |       |     1 ||     1
  Eat: Chunk             |     1 |       |     8 |    23 |    54 |    29 |    13 |    11 |    18 ||   157
       Bread ration      |       |     2 |     4 |     1 |     1 |       |     3 |       |     7 ||    18
       Beef jerky        |       |       |     1 |     2 |     3 |     4 |     2 |     2 |     2 ||    16
       Meat ration       |       |       |       |     2 |       |     2 |     5 |     6 |     3 ||    18
       Fruit             |       |       |       |     3 |    17 |     2 |       |     2 |     5 ||    29
       Pizza             |       |       |       |       |     1 |     3 |     2 |     2 |     1 ||     9
       Royal jelly       |       |       |       |       |       |       |       |     3 |     7 ||    10

Vault maps used:
D:1:      dpeg_arrival_tiny_g
D:2:      fedhas_altar_1, uniq_terence
D:3:      tso_metal_star, uniq_robin
D:4:      minmay_temple_entry_hall, minmay_misc_feat_columns, uniq_menkaure
D:5:      first_bread, uniq_duvessa
D:6:      grunt_temple_overflow_open, uniq_iyjb
D:7:      serial_glass, glass_columns_a, glass_columns_a, glass_columns_c,
          glass_columns_c, glass_columns_a, glass_columns_b
D:8:      basic_altar, serial_shops, shop, uniq_gastronok, uniq_psyche,
          uniq_prince_ribbit1, uniq_pikel
D:9:      kennysheep_mini, lightli_orcish_oven
D:10:     lemuel_castle_with_subvaults, erik_lair_island, serial_undead,
          serial_undead_e, serial_undead_a, serial_undead_e, serial_undead_f,
          serial_undead_e, hangedman_little_slice_of_home,
          bh_hangedman_babel_library, uniq_fannar, uniq_urug, uniq_nergalle
D:11:     erik_orc_3
D:12:     serial_shops, nicolae_shop_stone, serial_bayou_ford_a
D:13:     minmay_misc_feat_five, uniq_maurice, uniq_nessos, uniq_grum
D:14:     hangedman_vaults_entry_quadrant_bands, enter_trove_1,
          minmay_misc_feat_cross, minivault_7, uniq_louise
D:15:     gammafunk_enter_depths_forms, nicolae_wwwww
Temple:   chambers_temple_12
Lair:2:   serial_bayou_shore_b, lemuel_fruit_fields, serial_bayou_shore_b,
          grunt_megastairs_3
Lair:3:   spider_nest_entry_rubble
Lair:4:   serial_forest, infiniplex_forest_straight_1,
          infiniplex_forest_zigzag_2, infiniplex_forest_clump_cross,
          infiniplex_forest_zigzag_2, infiniplex_forest_join,
          infiniplex_forest_corner_2, infiniplex_forest_diagonal
Lair:6:   swamp_mist, lemuel_fruit_fields
Lair:7:   nicolae_slime_entry_slimehenge, minivault_27, uniq_erica
Lair:8:   due_jungle_book, serial_bayou_shore_b
Swamp:1:  hangedman_swamp_blocks, swamp_pool1, uniq_josephine
Swamp:2:  basic_altar, uniq_roxanne
Swamp:3:  cheibrodos_swamp_mausoleum, portal_ice_cave_entry_ice_beasts,
          evilmike_swamp_ruin_house_6, swamp_pool1
Swamp:4:  evilmike_swamp_ruin_wall, swamp_pool4, hangedman_swamp_double_dragon
Swamp:5:  swamp
Spider:2: cheibrodos_spider_creepycove
Spider:4: uniq_rupert
Spider:5: grunt_spider_rune_circles, nicolae_crawler_farm
Slime:2:  nicolae_slime_welcoming_committee
Slime:5:  nicolae_slime_round_cave
Orc:1:    basic_altar, guppyfry_library_mini
Orc:2:    basic_altar, serial_shops, nicolae_shop_crystal
Orc:3:    serial_shops, shop, nicolae_orc_pool_cavern
Orc:4:    grunt_orc_cross, minmay_orc_temple_c, uniq_sonja, uniq_erolcha
Vaults:1: grunt_vaults_focal, v_pattern_5, ontoclasm_vaults_misaligned,
          nicolae_vaults_twisting_passages, v_misc_19, vaults_room_boxed,
          hangedman_vaults_stretched_pinwheel, ontoclasm_vaults_idyll,
          nicolae_vaults_minivaults
Vaults:2: grunt_vaults_hallway_short, vaults_room_corners,
          minmay_crypt_entry_vampire_xt, v_misc_12, grunt_vaults_hallway_short,
          nicolae_vaults_angled_halls, vaults_room_fours,
          nicolae_vaults_big_angled_halls, nicolae_vaults_three_branches,
          st_star, ontoclasm_vaults_idyll, nicolae_vaults_stairing_the_circle,
          serial_shops, shop
Vaults:3: hangedman_vaults_slither, nicolae_vaults_triangles,
          grunt_vaults_hallway_short, v_misc_9, hangedman_vaults_cutoff,
          v_pattern_2, ontoclasm_vaults_bender, grunt_vaults_trifunnel,
          ontoclasm_vaults_gateway, serial_shops, shop, uniq_nikola
Vaults:4: ontoclasm_vaults_ring_large, nicolae_vaults_hallways_thing,
          vaults_dpeg_hooks, ontoclasm_vaults_ring_small, v_misc_2,
          grunt_vaults_diagonal, nicolae_vaults_border_crossing,
          hangedman_vaults_trim, nicolae_vaults_c_with_doors, v_misc_4,
          dpeg_vaults_monster_box, vaults_dpeg_ring, serial_shops, shop
Vaults:5: serial_shops
Crypt:2:  statuecave_lemuel, uniq_khufu
Crypt:3:  cryptofortress_bobbens
Depths:1: enter_ziggurat_f, serial_bayou_pond_b, hell_entry,
          grunt_ministairs_15, fountainhead, unseen_surprise_small
Depths:2: kennysheep_large_spiral, grunt_pan_entry_in_and_out, hell_entry,
          abyss_entry, infiniplex_staircase_split_hallway, uniq_agnes,
          uniq_enchantress
Depths:3: minmay_split_circle, rand_demon_pan_entry_9, nicolae_two_hexagons,
          pf_vacation_house_of_asmodeus, cheibriados_altar_1,
          infiniplex_staircase_zigzag_2
Depths:4: radiant_caverns_a_rkd, abyss_entry, serial_shops, hell_entry
Depths:5: grunt_crosshair, rand_demon_pan_entry_4, serial_shops,
          nicolae_shop_crystal, moated_statue, hell_entry,
          hangedman_decor_cross_pass, serial_bayou_shore_b
Zot:4:    nicolae_moth_party
Abyss:1:  minivault_24

Table legend:
 A = Turns spent in this place as a percentage of turns spent in the entire game.
 B = Non-inter-level travel turns spent in this place as a percentage of non-inter-level travel turns spent in the entire game.
 C = Inter-level travel turns spent in this place as a percentage of turns spent in this place.
 D = Turns resting spent in this place as a percentage of non-inter-level travel turns spent in this place.
 E = Turns spent auto-exploring this place as a percentage of non-inter-level travel turns spent in this place.
 F = Non-inter-level travel turns spent in this place divided by the number of levels of this place that you've seen.
                   A       B       C       D       E      F
               +-------+-------+-------+-------+-------+----------------------
         Total | 100.0 | 100.0 |   0.7 |   0.1 |   2.4 | 1762.4
       Dungeon |  29.2 |  29.2 |   0.6 |   0.0 |   2.2 | 2301.7
        Temple |   0.1 |   0.1 |   2.6 |   0.0 |  10.7 |  75.0
          Lair |   9.9 |   9.9 |   1.1 |   0.0 |   2.9 | 1457.6
         Swamp |   8.0 |   7.9 |   0.7 |   0.0 |   2.1 | 1877.2
   Spider Nest |   7.6 |   7.5 |   1.3 |   0.0 |   1.8 | 1776.0
    Slime Pits |   2.4 |   2.4 |   0.6 |   1.1 |   4.7 | 468.5
  Orcish Mines |   3.3 |   3.3 |   0.4 |   0.0 |   3.6 | 982.2
        Vaults |  15.3 |  15.3 |   0.6 |   0.0 |   2.1 | 3605.4
         Crypt |   1.9 |   1.9 |   0.1 |   3.0 |   5.7 | 752.0
        Depths |  13.3 |  13.4 |   0.5 |   0.0 |   1.7 | 3153.0
           Zot |   4.8 |   4.8 |   0.5 |   0.0 |   2.7 | 1126.8
         Abyss |   4.3 |   4.3 |   0.0 |   0.3 |   3.6 | 1025.6
               +-------+-------+-------+-------+-------+----------------------

Table legend:
 A = Kills in this place as a percentage of kills in entire the game.
 B = Kills by you in this place as a percentage of kills by you in the entire game.
 C = Kills by friends in this place as a percentage of kills by friends in the entire game.
 D = Other kills in this place as a percentage of other kills in the entire game.
 E = Experience gained in this place as a percentage of experience gained in the entire game.
 F = Experience gained in this place divided by the number of levels of this place that you have seen.
                   A       B       C       D       E      F
               +-------+-------+-------+-------+-------+----------------------
         Total | 100.0 | 100.0 | 100.0 | 100.0 | 100.0 | 22743.3
       Dungeon |  20.7 |  20.9 |  13.2 |   7.7 |   4.7 | 4816.5
          Lair |   6.7 |   6.7 |   7.9 |   0.0 |   2.3 | 4414.2
         Swamp |   8.4 |   8.4 |   7.9 |  15.4 |   6.6 | 20236.4
   Spider Nest |   7.8 |   6.7 |  51.3 |   0.0 |   5.3 | 16002.0
    Slime Pits |   6.2 |   6.4 |   0.0 |   0.0 |   8.7 | 22149.7
  Orcish Mines |   5.5 |   5.6 |   2.6 |   0.0 |   1.1 | 4076.8
        Vaults |  16.8 |  16.9 |   9.2 |  30.8 |  24.9 | 75766.0
         Crypt |   5.6 |   5.7 |   0.0 |   0.0 |   8.7 | 44314.0
        Depths |  12.1 |  12.2 |   7.9 |  30.8 |  19.1 | 58316.6
           Zot |   3.4 |   3.5 |   0.0 |   7.7 |  10.2 | 31173.4
         Abyss |   6.9 |   7.1 |   0.0 |   7.7 |   8.3 | 25324.6
               +-------+-------+-------+-------+-------+----------------------
